Workbook

Sheet Sheet1
A1: Number (Paper reference) | B1: Info provided by (Institution) | C1: Responsible Person | D1: Crop, Latin name | E1: Crop, English name | F1: Variety/Cultivar | G1: Main crop/ Cover crop | H1: Growing period | I1: Region | J1: Zone (Europe Country, US State) | K1: Soil type | L1: Nematode species | M1: Fungus species Main name | N1: Fungus species Other name | O1: Host status methodology | P1: Host status Decision | Q1: Host Tolerance Decision | R1: Reduction of disease | S1: Effect of green manure on yield of fellow crop | T1: Trial Type | U1: Source of information | V1: Type of source | W1: Language | X1: Title | Y1: Authors | Z1: Year | AA1: Summary (Abstract) | AB1: Main topic/ experiment of the paper | AC1: Remarks on the paper | AD1: Quality of the paper +/++/+++
A2: 1005 | B2: HAFL | C2: SVG | D2: F-Solanum tuberosum | E2: Potato | G2: MC | H2: n.i | I2: Worldwide | K2: unknown | M2: Pythium ultimum | O2: n.i | P2: hostplant suitability unknown | Q2: n.i | R2: n.i | S2: n.i | T2: n.i | U2: Agronomy for Sustainable Development | V2: Peer reviewed | W2: English | X2: Potato soil born disease.A review | Y2: Fiers, M., Edel-Hermann, V., Chatot, C., Le Hingrat, Y., Alabouvette, C., Steinberg, C. | Z2: 2012 | AA2: Abstract Potato crop is the fourth main food crop in the world and it will certainly feed a big part of the global population in the next years. The economical outlets for this crop are great; however, numerous diseases either soil- or airborne can cause huge losses in the production. Worldwide, about 40 soil-borne diseases affect potato and cause severe damages especially on tubers, the economically most important part of the plant. The occurrence and development of soilborne diseases depend on very diverse factors affecting either the pathogen or the plant. Favorable conditions for potato diseases development are frequently the same as the conditions needed for potato growth: temperature between 10°C and 25°C, high humidity, medium pH, etc. Adapted cultural practices such as a rotation longer than 4 years, appropriate fertilization and watermanagement, an adapted delay between haulm killing and harvest, and dry and cool conditions for tuber storage are good ways to control potato diseases. Inmost cases, potato pathogens develop specific survival forms, dissemination ways and host penetration methods. The genetic variability of the pathogens implies the use of adapted diagnostic and control methods. Decision support systems developed to predict yield losses allow choosing good control methods such as the use of healthy seeds, adapted pesticides, cultural practices, and biological control agents for each potato disease. The complexity of the interactions between a pathogen and its host, influenced by biotic and abiotic factors of the environment, make the control of the diseases often very difficult. However, deep knowledge of pathosystems allows setting up integrated pest management systems allowing the production of healthy and good quality potatoes. | AD2: +++

Sheet Sheet2
A1: Number (Paper reference) | B1: Info provided by (Institution) | C1: Responsible Person | D1: Crop, Latin name | E1: Crop, English name | F1: Variety/Cultivar | G1: Main crop/ Cover crop | H1: Growing period | I1: Region | J1: Zone (Europe Country, US State) | K1: Soil type | L1: Nematode species | M1: Fungus species Main name | N1: Fungus species Other name | O1: Host status methodology | P1: Host status Decision | Q1: Host Tolerance Decision | R1: Reduction of disease | S1: Effect of green manure on yield of fellow crop | T1: Trial Type | U1: Source of information | V1: Type of source | W1: Language | X1: Title | Y1: Authors | Z1: Year | AA1: Summary (Abstract) | AB1: Main topic/ experiment of the paper | AC1: Remarks on the paper | AD1: Quality of the paper +/++/+++
A2: 1006 | B2: HAFL | C2: SVG | D2: F-Zea mais | E2: Maize (corn) | G2: n.i | H2: n.i | K2: unknown | M2: Rhizoctonia solani | N2: Thanatephorus cucumeris | O2: n.i | P2: host | Q2: n.i | R2: n.i | S2: n.i | T2: n.i | U2: Plant Pathology | V2: Book | W2: English | X2: Plant Pathology, ISBN: 978-953-51-0489-6,General Description of Rhizoctonia Species Complex | Y2: Genhua Yang and Chengyun Li | Z2: 2012 | AB2: review on 13 anastomosis groups (AG) of R. solani and their host plants and disease symptoms | AC2: R. solani AG 4 | AD2: +++
A3: 1006 | B3: HAFL | C3: SVG | D3: F-Zea mais | E3: Maize (corn) | G3: n.i | H3: n.i | K3: unknown | M3: Rhizoctonia solani | N3: Thanatephorus cucumeris | O3: n.i | P3: host | Q3: n.i | R3: n.i | S3: n.i | T3: n.i | U3: Plant Pathology | V3: Book | W3: English | X3: Plant Pathology, ISBN: 978-953-51-0489-6,General Description of Rhizoctonia Species Complex | Y3: Genhua Yang and Chengyun Li | Z3: 2012 | AB3: review on 13 anastomosis groups (AG) of R. solani and their host plants and disease symptoms | AC3: R. solani AG 2-2lllB | AD3: +++
A4: 1006 | B4: HAFL | C4: SVG | D4: F-Zea mais | E4: Maize (corn) | G4: n.i | H4: n.i | K4: unknown | M4: Rhizoctonia solani | N4: Thanatephorus cucumeris | O4: n.i | P4: host | Q4: n.i | R4: n.i | S4: n.i | T4: n.i | U4: Plant Pathology | V4: Book | W4: English | X4: Plant Pathology, ISBN: 978-953-51-0489-6,General Description of Rhizoctonia Species Complex | Y4: Genhua Yang and Chengyun Li | Z4: 2012 | AB4: review on 13 anastomosis groups (AG) of R. solani and their host plants and disease symptoms | AC4: R. solani AG 1-lB | AD4: +++
A5: 1006 | B5: HAFL | C5: SVG | D5: F-Zea mais | E5: Maize (corn) | G5: n.i | H5: n.i | K5: unknown | M5: Rhizoctonia solani | N5: Thanatephorus cucumeris | O5: n.i | P5: host | Q5: n.i | R5: n.i | S5: n.i | T5: n.i | U5: Plant Pathology | V5: Book | W5: English | X5: Plant Pathology, ISBN: 978-953-51-0489-6,General Description of Rhizoctonia Species Complex | Y5: Genhua Yang and Chengyun Li | Z5: 2012 | AB5: review on 13 anastomosis groups (AG) of R. solani and their host plants and disease symptoms | AC5: R. solani (AG 1-lA | AD5: +++

Sheet Sheet3
A1: Number (Paper reference) | B1: Info provided by (Institution) | C1: Responsible Person | D1: Crop, Latin name | E1: Crop, English name | F1: Variety/Cultivar | G1: Main crop/ Cover crop | H1: Growing period | I1: Region | J1: Zone (Europe Country, US State) | K1: Soil type | L1: Nematode species | M1: Fungus species Main name | N1: Fungus species Other name | O1: Host status methodology | P1: Host status Decision | Q1: Host Tolerance Decision | R1: Reduction of disease | S1: Effect of green manure on yield of fellow crop | T1: Trial Type | U1: Source of information | V1: Type of source | W1: Language | X1: Title | Y1: Authors | Z1: Year | AA1: Summary (Abstract) | AB1: Main topic/ experiment of the paper | AC1: Remarks on the paper | AD1: Quality of the paper +/++/+++
A2: 1021 | B2: HAFL | C2: SVG | D2: F-Zea mais | E2: Maize (corn) | G2: MC | I2: USA | J2: Pennsylvania | K2: unknown | M2: Colletotrichum coccodes | N2: Colletotrichum atramentarium | O2: n.i | P2: non host | Q2: n.i | R2: n.i | S2: n.i | T2: greenhouse | U2: Amer J of Potato Res 83:503-512 | V2: Peer reviewed | W2: English | X2: Colonization of Rotation Crops and Weeds by the Potato Black Dot Pathogen Colletotrichum coccodes | Y2: Nadav Nitzan, Billie S. Lucas, and Barbara J. Christ | Z2: 2006 | AA2: The rotation crops wheat, barley, oat, maize, soybean, rye, yellow mustard, alfalfa, and spring canola and weeds eastern black nightshade, velvetleaf, timothy grass, orchard grass, and Giant foxtail common to potato-growing areas in North America were used to study the host range of Colletotrichum coccodes, the causal agent of potato black dot. The fungus was isolated from nine of 14 rotation crops and weeds that were inoculated: yellow mustard, soybean, spring canola, alfalfa, oat, eastern black nightshade, velvetleaf, giant foxtail, and timothy grass. In all, colonization was highest in black nightshades (87%) and velvetleaf (80%). Among the rotation crops, colonization was highest on yellow mustard (59%) followed by spring canola (33%) and soybean (30%). Colletotrichum coccodes was not isolated from wheat, barley, rye, maize, or orchard grass. The results indicated that crops used for rotation with potato should be selected carefully to prevent the increase of C. coccodes inoculum in the soil and that weeds may help maintain viable inoculum of C. coccodes in the absence of potato. Based on these results we recommend that wheat, barley, maize, or rye be used in rotation with potato in areas where C. coccodes is present in high levels in the soil | AB2: host testing of C. coccodes | AD2: ++

Sheet Sheet4
A1: Number (Paper reference) | B1: Info provided by (Institution) | C1: Responsible Person | D1: Crop, Latin name | E1: Crop, English name | F1: Variety/Cultivar | G1: Main crop/ Cover crop | H1: Growing period | I1: Region | J1: Zone (Europe Country, US State) | K1: Soil type | L1: Nematode species | M1: Fungus species Main name | N1: Fungus species Other name | O1: Host status methodology | P1: Host status Decision | Q1: Host Tolerance Decision | R1: Reduction of disease | S1: Effect of green manure on yield of fellow crop | T1: Trial Type | U1: Source of information | V1: Type of source | W1: Language | X1: Title | Y1: Authors | Z1: Year | AA1: Summary (Abstract) | AB1: Main topic/ experiment of the paper | AC1: Remarks on the paper | AD1: Quality of the paper +/++/+++
A2: 1007 | B2: HAFL | C2: SVG | D2: F-Zea mais | E2: Maize (corn) | H2: n.i | I2: West Asia | J2: Israel | K2: unknown | M2: Spongospora subterranea f. sp. subterranea | O2: n.i | P2: host | Q2: n.i | R2: n.i | S2: n.i | T2: greenhouse | U2: Presentation, Powdery scab Workshop, 2016, Switzerland | V2: Conference paper | W2: English | X2: Alternative hosts for Spongospora subterraneaunder semi-arid conditions | Y2: Tsror, L. (Dep.of Plant Pathology, Agricultural Research Organization, Gilat Research Center, Israel) | Z2: 2016 | AA2: Presentation of alternative host testing experiments of S. subterranea; naturally infected and artificially inoculated plants for detecting alternative hosts | AB2: host range testing of S. subterranea, ability of Spongospora to infect and complete life cycle in crops, ability to infect weeds in potato fields | AC2: do fungi complete their life cycles in all host plants??? | AD2: +

Sheet data collection
A1: T 1.1: Hostplant x pathogen/nematode data, info needed for the database
A2: Version 2019/05/28
K4: [drop down list] | L4: [drop down list] | N4: [linked to Fungus species Main name] | P4: [drop down list] | Q4: [drop down list] | R4: [drop down list] | S4: [drop down list] | T4: [drop down list] | V4: [drop down list]
A5: Number (Paper reference) | B5: Info provided by (Institution) | C5: Responsible Person | D5: Crop, Latin name | E5: Crop, English name | F5: Variety/Cultivar | G5: Main crop/ Cover crop | H5: Growing period | I5: Region | J5: Zone (Europe Country, US State) | K5: Soil type | L5: Nematode species | M5: Fungus species Main name NEW LIST | N5: Fungus species Other name | O5: Host status methodology | P5: Host status Decision | Q5: Host Tolerance Decision | R5: Reduction of disease | S5: Effect of green manure on yield of fellow crop | T5: Trial Type | U5: Source of information | V5: Type of source | W5: Language | X5: Title | Y5: Authors | Z5: Year | AA5: Summary (Abstract) | AB5: Main topic/ experiment of the paper | AC5: Remarks on the paper | AD5: Quality of the paper +/++/+++
A6: 1001 | B6: HAFL | C6: SVG | D6: G-Sorghum spp. | E6: =IF(D6>0,VLOOKUP(D6,lists!$C$6:$D$101,2,FALSE),"") -> Sorghum, Sudangrass | F6: Piper | G6: CC | H6: May-October | I6: USA | J6: Oregon | K6: sandy clay loam | L6: Meloidogyne chitwoodi | N6: =IF(M6>0,VLOOKUP(M6,lists!$Q$6:$R$161,2,FALSE),"") | P6: moderate host | Q6: n.i | R6: effective | S6: n.i | T6: greenhouse and field | U6: J. of Nematology 25(2):303-311 | V6: Peer reviewed | W6: English | X6: Suppression of Meloidogyne chitwoodi with Sudangrass Cultivars as Green Manure | Y6: Mojtahedi, H., Santo, G.S.,Ingham, R.E. | Z6: 1993 | AA6: Abstract: Meloidogyne chitwoodi race 1 reproduced on Piper sudangrass (Sorghum bicolor (L.) Moench), 332 (sudangrass hybrid), and P855F and P877F (sorghum-sudangrass hybrids), but failed to reproduce efficiently on Trudan 8, Trudex 9 (sudangrass hybrids), and Sordan 79, SS-222, and Bravo II (sorghum-sudangrass hybrids). Meloidogyne chitwoodi race 2 behaved similarly and reproduced more efficiently on Piper, P855F, and P877F than on Trudan 8, Trudex 9, or Sordan 79. The mean reproductive factor for M. chitwoodi races on the poorer hosts ranged from <0.1 to 0.9 undergreenhouse and field conditions. Meloidogyne hapla failed to reproduce on any of the cultivars tested.In the laboratory, leaves of each cultivar chopped and incorporated as green manure reduced the M.chitwoodi population in infested soil more than unamended or wheat green manure treatments.Trudan 8, although limited to the zone of incorporation, protected this zone from colonization of upward migrating second stage juveniles (]2) for up to 6 weeks. Leaves of Trudan 8 but not rootswere effective against M. chitwoodi, and J2 appeared to be more sensitive than egg masses. Trudan 8 and Sordan 79 as green manure reduced M. chitwoodi in bucket microplots under field conditions. Key words: Columbia root-knot nematode, control, green manure, host suitability, Meloidogyne chitwoodi, M. hapla, northern root-knot nematode, nematode, organic amendment, potato, Sorghum bicolor, sudangrass, sorghum-sudangrass hybrid. | AB6: host testing, green manure, source of inocula, depth of inocula, plant parts used as green manure | AC6: complex, much information, many experiments | AD6: +++
A7: 1001 | B7: HAFL | C7: SVG | D7: G-Sorghum spp. | E7: =IF(D7>0,VLOOKUP(D7,lists!$C$6:$D$101,2,FALSE),"") -> Sorghum, Sudangrass | F7: Trudan, Trudex | G7: CC | H7: May-October | I7: USA | J7: Oregon | K7: sandy clay loam | L7: Meloidogyne chitwoodi | N7: =IF(M7>0,VLOOKUP(M7,lists!$Q$6:$R$161,2,FALSE),"") | O7: soil samples Baerman, roots NaCl Hussey | P7: poor host | Q7: n.i | R7: effective | S7: n.i | T7: greenhouse and field | U7: J. of Nematology 25(2):303-311 | V7: Peer reviewed | W7: English | X7: Suppression of Meloidogyne chitwoodi with Sudangrass Cultivars as Green Manure | Y7: Mojtahedi, H., Santo, G.S.,Ingham, R.E. | Z7: 1993 | AA7: Abstract: Meloidogyne chitwoodi race 1 reproduced on Piper sudangrass (Sorghum bicolor (L.) Moench), 332 (sudangrass hybrid), and P855F and P877F (sorghum-sudangrass hybrids), but failed to reproduce efficiently on Trudan 8, Trudex 9 (sudangrass hybrids), and Sordan 79, SS-222, and Bravo II (sorghum-sudangrass hybrids). Meloidogyne chitwoodi race 2 behaved similarly and reproduced more efficiently on Piper, P855F, and P877F than on Trudan 8, Trudex 9, or Sordan 79. The mean reproductive factor for M. chitwoodi races on the poorer hosts ranged from <0.1 to 0.9 undergreenhouse and field conditions. Meloidogyne hapla failed to reproduce on any of the cultivars tested.In the laboratory, leaves of each cultivar chopped and incorporated as green manure reduced the M.chitwoodi population in infested soil more than unamended or wheat green manure treatments.Trudan 8, although limited to the zone of incorporation, protected this zone from colonization of upward migrating second stage juveniles (]2) for up to 6 weeks. Leaves of Trudan 8 but not rootswere effective against M. chitwoodi, and J2 appeared to be more sensitive than egg masses. Trudan 8 and Sordan 79 as green manure reduced M. chitwoodi in bucket microplots under field conditions. Key words: Columbia root-knot nematode, control, green manure, host suitability, Meloidogyne chitwoodi, M. hapla, northern root-knot nematode, nematode, organic amendment, potato, Sorghum bicolor, sudangrass, sorghum-sudangrass hybrid. | AB7: host testing, green manure, source of inocula, depth of inocula, plant parts used as green manure | AC7: complex, much information, many experiments | AD7: +++
A8: 1001 | B8: HAFL | C8: SVG | D8: G-Sorghum spp. | E8: Sorghum, Sudangrass | F8: Piper, Trudan, Trudex | G8: CC | H8: May-October | I8: USA | J8: Oregon | K8: sandy clay loam | L8: Meloidogyne hapla | N8: =IF(M8>0,VLOOKUP(M8,lists!$Q$6:$R$161,2,FALSE),"") | O8: soil samples Baerman, roots NaCl Hussey | P8: non host | Q8: n.i | R8: n.i | S8: n.i | T8: greenhouse and field | U8: J. of Nematology 25(2):303-311 1993 | V8: Peer reviewed | W8: English | X8: Suppression of Meloidogyne chitwoodi with Sudangrass Cultivars as Green Manure | Y8: Mojtahedi, H., Santo, G.S.,Ingham, R.E. | Z8: 1993 | AA8: Abstract: Meloidogyne chitwoodi race 1 reproduced on Piper sudangrass (Sorghum bicolor (L.) Moench), 332 (sudangrass hybrid), and P855F and P877F (sorghum-sudangrass hybrids), but failed to reproduce efficiently on Trudan 8, Trudex 9 (sudangrass hybrids), and Sordan 79, SS-222, and Bravo II (sorghum-sudangrass hybrids). Meloidogyne chitwoodi race 2 behaved similarly and reproduced more efficiently on Piper, P855F, and P877F than on Trudan 8, Trudex 9, or Sordan 79. The mean reproductive factor for M. chitwoodi races on the poorer hosts ranged from <0.1 to 0.9 undergreenhouse and field conditions. Meloidogyne hapla failed to reproduce on any of the cultivars tested.In the laboratory, leaves of each cultivar chopped and incorporated as green manure reduced the M.chitwoodi population in infested soil more than unamended or wheat green manure treatments.Trudan 8, although limited to the zone of incorporation, protected this zone from colonization of upward migrating second stage juveniles (]2) for up to 6 weeks. Leaves of Trudan 8 but not rootswere effective against M. chitwoodi, and J2 appeared to be more sensitive than egg masses. Trudan 8 and Sordan 79 as green manure reduced M. chitwoodi in bucket microplots under field conditions. Key words: Columbia root-knot nematode, control, green manure, host suitability, Meloidogyne chitwoodi, M. hapla, northern root-knot nematode, nematode, organic amendment, potato, Sorghum bicolor, sudangrass, sorghum-sudangrass hybrid. | AB8: host testing, green manure, source of inocula, depth of inocula, plant parts used as green manure | AC8: complex, much information, many experiments | AD8: +++
A9: 1002 | B9: HAFL | C9: SVG | D9: G-Brassica spp. | E9: Mustards | F9: Brassica juncea | G9: CC | H9: Mid June-Mid August | I9: USA | J9: Maine | K9: unknown | M9: Rhizoctonia solani | N9: =IF(M9>0,VLOOKUP(M9,lists!$Q$6:$R$161,2,FALSE),"") -> Thanatephorus cucumeris | O9: n.i | P9: hostplant suitability unknown | Q9: n.i | R9: very effective | S9: decrease of disease | T9: greenhouse | U9: Crop Protection 26: 1067–1077 | V9: Peer reviewed | W9: English | X9: Control of soilborne potato diseases using Brassica green manures | Y9: Larkin, R.P, Griffin, T.S | Z9: 2007 | AA9: Brassica crops used in crop rotations and as green manures have been associated with reductions in soilborne pests and pathogens. These reductions have been attributed to the production of volatile sulfur compounds through a process known as biofumigation, and to changes in soil microbial community structure. In this study, selected Brassica crops, including canola, rapeseed, radish, turnip, yellow mustard, and Indian mustard, were evaluated for control of various soilborne potato pathogens and diseases in culture, in greenhouse trials, and in field trials on commercial potato farms. In in vitro assays, volatiles released from chopped leaf material of Brassica crops and barley inhibited growth of a variety of soilborne pathogens of potato, including Rhizoctonia solani, Phytophthora erythroseptica, Pythium ultimum, Sclerotinia sclerotiorum, and Fusarium sambucinam, with Indian mustard resulting in nearly complete inhibition (80–100%). All Brassica crops and barley reduced inoculum levels of R. solani (20–56% reduction) in greenhouse tests, and radish, rapeseed, and Indian mustard reduced subsequent potato seedling disease by 40–83%. In an on-farm field trial at a site with a substantial powdery scab problem, Indian mustard, rapeseed, canola, and ryegrass grown as green manure rotation crops reduced powdery scab in the subsequent potato crop by 15–40%, and canola and rapeseed reduced black scurf by 70–80% relative to a standard oats rotation. At another field site where common scab was the primary disease problem, an Indian mustard green manure reduced common scab by 25%, and rapeseed, yellow mustard, and ‘Lemtal’ ryegrass also reduced black scurf relative to a standard ryegrass rotation. Disease reductions were not always associated with higher glucosinolate-producing crops, and were also observed with non-Brassica crops (barley and ryegrass), indicating other mechanisms and interactions are important, particularly for control of R. solani. Overall, Indian mustard was most effective for reducing powdery scab and common scab diseases, whereas rapeseed and canola were most effective in reducing Rhizoctonia diseases. These results indicate that Brassica crops have potential for use as green manures for the control of multiple soilborne disease problems. | AD9: +++
A10: 1002 | B10: HAFL | C10: SVG | D10: G-Sinapis alba | E10: White mustard | F10: IdaGold | G10: CC | H10: Mid June-Mid August | I10: USA | J10: Maine | K10: unknown | M10: Rhizoctonia solani | N10: =IF(M10>0,VLOOKUP(M10,lists!$Q$6:$R$161,2,FALSE),"") -> Thanatephorus cucumeris | O10: n.i | P10: hostplant suitability unknown | Q10: n.i | R10: effective | S10: decrease of disease | T10: greenhouse | U10: Crop Protection 26: 1067–1077 | V10: Peer reviewed | W10: English | X10: Control of soilborne potato diseases using Brassica green manures | Y10: Larkin, R.P, Griffin, T.S | Z10: 2007 | AA10: Brassica crops used in crop rotations and as green manures have been associated with reductions in soilborne pests and pathogens. These reductions have been attributed to the production of volatile sulfur compounds through a process known as biofumigation, and to changes in soil microbial community structure. In this study, selected Brassica crops, including canola, rapeseed, radish, turnip, yellow mustard, and Indian mustard, were evaluated for control of various soilborne potato pathogens and diseases in culture, in greenhouse trials, and in field trials on commercial potato farms. In in vitro assays, volatiles released from chopped leaf material of Brassica crops and barley inhibited growth of a variety of soilborne pathogens of potato, including Rhizoctonia solani, Phytophthora erythroseptica, Pythium ultimum, Sclerotinia sclerotiorum, and Fusarium sambucinam, with Indian mustard resulting in nearly complete inhibition (80–100%). All Brassica crops and barley reduced inoculum levels of R. solani (20–56% reduction) in greenhouse tests, and radish, rapeseed, and Indian mustard reduced subsequent potato seedling disease by 40–83%. In an on-farm field trial at a site with a substantial powdery scab problem, Indian mustard, rapeseed, canola, and ryegrass grown as green manure rotation crops reduced powdery scab in the subsequent potato crop by 15–40%, and canola and rapeseed reduced black scurf by 70–80% relative to a standard oats rotation. At another field site where common scab was the primary disease problem, an Indian mustard green manure reduced common scab by 25%, and rapeseed, yellow mustard, and ‘Lemtal’ ryegrass also reduced black scurf relative to a standard ryegrass rotation. Disease reductions were not always associated with higher glucosinolate-producing crops, and were also observed with non-Brassica crops (barley and ryegrass), indicating other mechanisms and interactions are important, particularly for control of R. solani. Overall, Indian mustard was most effective for reducing powdery scab and common scab diseases, whereas rapeseed and canola were most effective in reducing Rhizoctonia diseases. These results indicate that Brassica crops have potential for use as green manures for the control of multiple soilborne disease problems. | AD10: +++
A11: 1002 | B11: HAFL | C11: SVG | D11: F-Brassica napus | E11: =IF(D11>0,VLOOKUP(D11,lists!$C$6:$D$101,2,FALSE),"") -> Rapeseed | F11: Canola Hyola 401 | G11: CC | H11: Mid June-Mid August | I11: USA | J11: Maine | K11: unknown | M11: Rhizoctonia solani | N11: =IF(M11>0,VLOOKUP(M11,lists!$Q$6:$R$161,2,FALSE),"") -> Thanatephorus cucumeris | O11: n.i | P11: hostplant suitability unknown | Q11: n.i | R11: effective | S11: decrease of disease | T11: greenhouse | U11: Crop Protection 26: 1067–1077 | V11: Peer reviewed | W11: English | X11: Control of soilborne potato diseases using Brassica green manures | Y11: Larkin, R.P, Griffin, T.S | Z11: 2007 | AA11: Brassica crops used in crop rotations and as green manures have been associated with reductions in soilborne pests and pathogens. These reductions have been attributed to the production of volatile sulfur compounds through a process known as biofumigation, and to changes in soil microbial community structure. In this study, selected Brassica crops, including canola, rapeseed, radish, turnip, yellow mustard, and Indian mustard, were evaluated for control of various soilborne potato pathogens and diseases in culture, in greenhouse trials, and in field trials on commercial potato farms. In in vitro assays, volatiles released from chopped leaf material of Brassica crops and barley inhibited growth of a variety of soilborne pathogens of potato, including Rhizoctonia solani, Phytophthora erythroseptica, Pythium ultimum, Sclerotinia sclerotiorum, and Fusarium sambucinam, with Indian mustard resulting in nearly complete inhibition (80–100%). All Brassica crops and barley reduced inoculum levels of R. solani (20–56% reduction) in greenhouse tests, and radish, rapeseed, and Indian mustard reduced subsequent potato seedling disease by 40–83%. In an on-farm field trial at a site with a substantial powdery scab problem, Indian mustard, rapeseed, canola, and ryegrass grown as green manure rotation crops reduced powdery scab in the subsequent potato crop by 15–40%, and canola and rapeseed reduced black scurf by 70–80% relative to a standard oats rotation. At another field site where common scab was the primary disease problem, an Indian mustard green manure reduced common scab by 25%, and rapeseed, yellow mustard, and ‘Lemtal’ ryegrass also reduced black scurf relative to a standard ryegrass rotation. Disease reductions were not always associated with higher glucosinolate-producing crops, and were also observed with non-Brassica crops (barley and ryegrass), indicating other mechanisms and interactions are important, particularly for control of R. solani. Overall, Indian mustard was most effective for reducing powdery scab and common scab diseases, whereas rapeseed and canola were most effective in reducing Rhizoctonia diseases. These results indicate that Brassica crops have potential for use as green manures for the control of multiple soilborne disease problems. | AD11: +++
A12: 1002 | B12: HAFL | C12: SVG | D12: F-Brassica napus | E12: =IF(D12>0,VLOOKUP(D12,lists!$C$6:$D$101,2,FALSE),"") -> Rapeseed | F12: Dwarf Essex | G12: CC | H12: Mid June-Mid August | I12: USA | J12: Maine | K12: unknown | M12: Rhizoctonia solani | N12: =IF(M12>0,VLOOKUP(M12,lists!$Q$6:$R$161,2,FALSE),"") -> Thanatephorus cucumeris | O12: n.i | P12: hostplant suitability unknown | Q12: n.i | R12: effective | S12: decrease of disease | T12: greenhouse | U12: Crop Protection 26: 1067–1077 | V12: Peer reviewed | W12: English | X12: Control of soilborne potato diseases using Brassica green manures | Y12: Larkin, R.P, Griffin, T.S | Z12: 2007 | AA12: Brassica crops used in crop rotations and as green manures have been associated with reductions in soilborne pests and pathogens. These reductions have been attributed to the production of volatile sulfur compounds through a process known as biofumigation, and to changes in soil microbial community structure. In this study, selected Brassica crops, including canola, rapeseed, radish, turnip, yellow mustard, and Indian mustard, were evaluated for control of various soilborne potato pathogens and diseases in culture, in greenhouse trials, and in field trials on commercial potato farms. In in vitro assays, volatiles released from chopped leaf material of Brassica crops and barley inhibited growth of a variety of soilborne pathogens of potato, including Rhizoctonia solani, Phytophthora erythroseptica, Pythium ultimum, Sclerotinia sclerotiorum, and Fusarium sambucinam, with Indian mustard resulting in nearly complete inhibition (80–100%). All Brassica crops and barley reduced inoculum levels of R. solani (20–56% reduction) in greenhouse tests, and radish, rapeseed, and Indian mustard reduced subsequent potato seedling disease by 40–83%. In an on-farm field trial at a site with a substantial powdery scab problem, Indian mustard, rapeseed, canola, and ryegrass grown as green manure rotation crops reduced powdery scab in the subsequent potato crop by 15–40%, and canola and rapeseed reduced black scurf by 70–80% relative to a standard oats rotation. At another field site where common scab was the primary disease problem, an Indian mustard green manure reduced common scab by 25%, and rapeseed, yellow mustard, and ‘Lemtal’ ryegrass also reduced black scurf relative to a standard ryegrass rotation. Disease reductions were not always associated with higher glucosinolate-producing crops, and were also observed with non-Brassica crops (barley and ryegrass), indicating other mechanisms and interactions are important, particularly for control of R. solani. Overall, Indian mustard was most effective for reducing powdery scab and common scab diseases, whereas rapeseed and canola were most effective in reducing Rhizoctonia diseases. These results indicate that Brassica crops have potential for use as green manures for the control of multiple soilborne disease problems. | AD12: +++
A13: 1002 | B13: HAFL | C13: SVG | D13: G-Brassica rapa | E13: =IF(D13>0,VLOOKUP(D13,lists!$C$6:$D$101,2,FALSE),"") -> Turnip | F13: Purple Top | G13: CC | H13: Mid June-Mid August | I13: USA | J13: Maine | K13: unknown | M13: Rhizoctonia solani | N13: =IF(M13>0,VLOOKUP(M13,lists!$Q$6:$R$161,2,FALSE),"") -> Thanatephorus cucumeris | O13: n.i | P13: hostplant suitability unknown | Q13: n.i | R13: very effective | S13: decrease of disease | T13: greenhouse | U13: Crop Protection 26: 1067–1077 | V13: Peer reviewed | W13: English | X13: Control of soilborne potato diseases using Brassica green manures | Y13: Larkin, R.P, Griffin, T.S | Z13: 2007 | AA13: Brassica crops used in crop rotations and as green manures have been associated with reductions in soilborne pests and pathogens. These reductions have been attributed to the production of volatile sulfur compounds through a process known as biofumigation, and to changes in soil microbial community structure. In this study, selected Brassica crops, including canola, rapeseed, radish, turnip, yellow mustard, and Indian mustard, were evaluated for control of various soilborne potato pathogens and diseases in culture, in greenhouse trials, and in field trials on commercial potato farms. In in vitro assays, volatiles released from chopped leaf material of Brassica crops and barley inhibited growth of a variety of soilborne pathogens of potato, including Rhizoctonia solani, Phytophthora erythroseptica, Pythium ultimum, Sclerotinia sclerotiorum, and Fusarium sambucinam, with Indian mustard resulting in nearly complete inhibition (80–100%). All Brassica crops and barley reduced inoculum levels of R. solani (20–56% reduction) in greenhouse tests, and radish, rapeseed, and Indian mustard reduced subsequent potato seedling disease by 40–83%. In an on-farm field trial at a site with a substantial powdery scab problem, Indian mustard, rapeseed, canola, and ryegrass grown as green manure rotation crops reduced powdery scab in the subsequent potato crop by 15–40%, and canola and rapeseed reduced black scurf by 70–80% relative to a standard oats rotation. At another field site where common scab was the primary disease problem, an Indian mustard green manure reduced common scab by 25%, and rapeseed, yellow mustard, and ‘Lemtal’ ryegrass also reduced black scurf relative to a standard ryegrass rotation. Disease reductions were not always associated with higher glucosinolate-producing crops, and were also observed with non-Brassica crops (barley and ryegrass), indicating other mechanisms and interactions are important, particularly for control of R. solani. Overall, Indian mustard was most effective for reducing powdery scab and common scab diseases, whereas rapeseed and canola were most effective in reducing Rhizoctonia diseases. These results indicate that Brassica crops have potential for use as green manures for the control of multiple soilborne disease problems. | AD13: +++
A14: 1002 | B14: HAFL | C14: SVG | D14: G-Raphanus sativus | E14: =IF(D14>0,VLOOKUP(D14,lists!$C$6:$D$101,2,FALSE),"") -> Radish | F14: unknown | G14: CC | H14: Mid June-Mid August | I14: USA | J14: Maine | K14: unknown | M14: Rhizoctonia solani | N14: =IF(M14>0,VLOOKUP(M14,lists!$Q$6:$R$161,2,FALSE),"") -> Thanatephorus cucumeris | O14: n.i | P14: hostplant suitability unknown | Q14: n.i | R14: effective | S14: decrease of disease | T14: greenhouse | U14: Crop Protection 26: 1067–1077 | V14: Peer reviewed | W14: English | X14: Control of soilborne potato diseases using Brassica green manures | Y14: Larkin, R.P, Griffin, T.S | Z14: 2007 | AA14: Brassica crops used in crop rotations and as green manures have been associated with reductions in soilborne pests and pathogens. These reductions have been attributed to the production of volatile sulfur compounds through a process known as biofumigation, and to changes in soil microbial community structure. In this study, selected Brassica crops, including canola, rapeseed, radish, turnip, yellow mustard, and Indian mustard, were evaluated for control of various soilborne potato pathogens and diseases in culture, in greenhouse trials, and in field trials on commercial potato farms. In in vitro assays, volatiles released from chopped leaf material of Brassica crops and barley inhibited growth of a variety of soilborne pathogens of potato, including Rhizoctonia solani, Phytophthora erythroseptica, Pythium ultimum, Sclerotinia sclerotiorum, and Fusarium sambucinam, with Indian mustard resulting in nearly complete inhibition (80–100%). All Brassica crops and barley reduced inoculum levels of R. solani (20–56% reduction) in greenhouse tests, and radish, rapeseed, and Indian mustard reduced subsequent potato seedling disease by 40–83%. In an on-farm field trial at a site with a substantial powdery scab problem, Indian mustard, rapeseed, canola, and ryegrass grown as green manure rotation crops reduced powdery scab in the subsequent potato crop by 15–40%, and canola and rapeseed reduced black scurf by 70–80% relative to a standard oats rotation. At another field site where common scab was the primary disease problem, an Indian mustard green manure reduced common scab by 25%, and rapeseed, yellow mustard, and ‘Lemtal’ ryegrass also reduced black scurf relative to a standard ryegrass rotation. Disease reductions were not always associated with higher glucosinolate-producing crops, and were also observed with non-Brassica crops (barley and ryegrass), indicating other mechanisms and interactions are important, particularly for control of R. solani. Overall, Indian mustard was most effective for reducing powdery scab and common scab diseases, whereas rapeseed and canola were most effective in reducing Rhizoctonia diseases. These results indicate that Brassica crops have potential for use as green manures for the control of multiple soilborne disease problems. | AD14: +++
A15: 1002 | B15: HAFL | C15: SVG | D15: F-Hordeum vulgare | E15: =IF(D15>0,VLOOKUP(D15,lists!$C$6:$D$101,2,FALSE),"") -> Barley | F15: unknown | G15: CC | H15: Mid June-Mid August | I15: USA | J15: Maine | K15: unknown | M15: Rhizoctonia solani | N15: =IF(M15>0,VLOOKUP(M15,lists!$Q$6:$R$161,2,FALSE),"") -> Thanatephorus cucumeris | O15: n.i | P15: hostplant suitability unknown | Q15: n.i | R15: very effective | S15: decrease of disease | T15: greenhouse | U15: Crop Protection 26: 1067–1077 | V15: Peer reviewed | W15: English | X15: Control of soilborne potato diseases using Brassica green manures | Y15: Larkin, R.P, Griffin, T.S | Z15: 2007 | AA15: Brassica crops used in crop rotations and as green manures have been associated with reductions in soilborne pests and pathogens. These reductions have been attributed to the production of volatile sulfur compounds through a process known as biofumigation, and to changes in soil microbial community structure. In this study, selected Brassica crops, including canola, rapeseed, radish, turnip, yellow mustard, and Indian mustard, were evaluated for control of various soilborne potato pathogens and diseases in culture, in greenhouse trials, and in field trials on commercial potato farms. In in vitro assays, volatiles released from chopped leaf material of Brassica crops and barley inhibited growth of a variety of soilborne pathogens of potato, including Rhizoctonia solani, Phytophthora erythroseptica, Pythium ultimum, Sclerotinia sclerotiorum, and Fusarium sambucinam, with Indian mustard resulting in nearly complete inhibition (80–100%). All Brassica crops and barley reduced inoculum levels of R. solani (20–56% reduction) in greenhouse tests, and radish, rapeseed, and Indian mustard reduced subsequent potato seedling disease by 40–83%. In an on-farm field trial at a site with a substantial powdery scab problem, Indian mustard, rapeseed, canola, and ryegrass grown as green manure rotation crops reduced powdery scab in the subsequent potato crop by 15–40%, and canola and rapeseed reduced black scurf by 70–80% relative to a standard oats rotation. At another field site where common scab was the primary disease problem, an Indian mustard green manure reduced common scab by 25%, and rapeseed, yellow mustard, and ‘Lemtal’ ryegrass also reduced black scurf relative to a standard ryegrass rotation. Disease reductions were not always associated with higher glucosinolate-producing crops, and were also observed with non-Brassica crops (barley and ryegrass), indicating other mechanisms and interactions are important, particularly for control of R. solani. Overall, Indian mustard was most effective for reducing powdery scab and common scab diseases, whereas rapeseed and canola were most effective in reducing Rhizoctonia diseases. These results indicate that Brassica crops have potential for use as green manures for the control of multiple soilborne disease problems. | AD15: +++
A16: 1002 | B16: HAFL | C16: SVG | D16: G-Lolium multiflorum | E16: =IF(D16>0,VLOOKUP(D16,lists!$C$6:$D$101,2,FALSE),"") -> Italian ryegrass | F16: Lemtal | G16: CC | H16: Mid June-Mid August | I16: USA | J16: Maine | K16: unknown | M16: Rhizoctonia solani | N16: =IF(M16>0,VLOOKUP(M16,lists!$Q$6:$R$161,2,FALSE),"") -> Thanatephorus cucumeris | O16: n.i | P16: hostplant suitability unknown | Q16: n.i | R16: effective | S16: decrease of disease | T16: greenhouse | U16: Crop Protection 26: 1067–1077 | V16: Peer reviewed | W16: English | X16: Control of soilborne potato diseases using Brassica green manures | Y16: Larkin, R.P, Griffin, T.S | Z16: 2007 | AA16: Brassica crops used in crop rotations and as green manures have been associated with reductions in soilborne pests and pathogens. These reductions have been attributed to the production of volatile sulfur compounds through a process known as biofumigation, and to changes in soil microbial community structure. In this study, selected Brassica crops, including canola, rapeseed, radish, turnip, yellow mustard, and Indian mustard, were evaluated for control of various soilborne potato pathogens and diseases in culture, in greenhouse trials, and in field trials on commercial potato farms. In in vitro assays, volatiles released from chopped leaf material of Brassica crops and barley inhibited growth of a variety of soilborne pathogens of potato, including Rhizoctonia solani, Phytophthora erythroseptica, Pythium ultimum, Sclerotinia sclerotiorum, and Fusarium sambucinam, with Indian mustard resulting in nearly complete inhibition (80–100%). All Brassica crops and barley reduced inoculum levels of R. solani (20–56% reduction) in greenhouse tests, and radish, rapeseed, and Indian mustard reduced subsequent potato seedling disease by 40–83%. In an on-farm field trial at a site with a substantial powdery scab problem, Indian mustard, rapeseed, canola, and ryegrass grown as green manure rotation crops reduced powdery scab in the subsequent potato crop by 15–40%, and canola and rapeseed reduced black scurf by 70–80% relative to a standard oats rotation. At another field site where common scab was the primary disease problem, an Indian mustard green manure reduced common scab by 25%, and rapeseed, yellow mustard, and ‘Lemtal’ ryegrass also reduced black scurf relative to a standard ryegrass rotation. Disease reductions were not always associated with higher glucosinolate-producing crops, and were also observed with non-Brassica crops (barley and ryegrass), indicating other mechanisms and interactions are important, particularly for control of R. solani. Overall, Indian mustard was most effective for reducing powdery scab and common scab diseases, whereas rapeseed and canola were most effective in reducing Rhizoctonia diseases. These results indicate that Brassica crops have potential for use as green manures for the control of multiple soilborne disease problems. | AD16: +++
A17: 1002 | B17: HAFL | C17: SVG | D17: F-Brassica napus | E17: =IF(D17>0,VLOOKUP(D17,lists!$C$6:$D$101,2,FALSE),"") -> Rapeseed | F17: Canola Hyola 401 | G17: CC | H17: Mid June-Mid August | I17: USA | J17: Maine | K17: unknown | M17: Rhizoctonia solani | N17: =IF(M17>0,VLOOKUP(M17,lists!$Q$6:$R$161,2,FALSE),"") -> Thanatephorus cucumeris | O17: n.i | P17: hostplant suitability unknown | Q17: n.i | R17: very effective | S17: decrease of disease | T17: field | U17: Crop Protection 26: 1067–1077 | V17: Peer reviewed | W17: English | X17: Control of soilborne potato diseases using Brassica green manures | Y17: Larkin, R.P, Griffin, T.S | Z17: 2007 | AA17: Brassica crops used in crop rotations and as green manures have been associated with reductions in soilborne pests and pathogens. These reductions have been attributed to the production of volatile sulfur compounds through a process known as biofumigation, and to changes in soil microbial community structure. In this study, selected Brassica crops, including canola, rapeseed, radish, turnip, yellow mustard, and Indian mustard, were evaluated for control of various soilborne potato pathogens and diseases in culture, in greenhouse trials, and in field trials on commercial potato farms. In in vitro assays, volatiles released from chopped leaf material of Brassica crops and barley inhibited growth of a variety of soilborne pathogens of potato, including Rhizoctonia solani, Phytophthora erythroseptica, Pythium ultimum, Sclerotinia sclerotiorum, and Fusarium sambucinam, with Indian mustard resulting in nearly complete inhibition (80–100%). All Brassica crops and barley reduced inoculum levels of R. solani (20–56% reduction) in greenhouse tests, and radish, rapeseed, and Indian mustard reduced subsequent potato seedling disease by 40–83%. In an on-farm field trial at a site with a substantial powdery scab problem, Indian mustard, rapeseed, canola, and ryegrass grown as green manure rotation crops reduced powdery scab in the subsequent potato crop by 15–40%, and canola and rapeseed reduced black scurf by 70–80% relative to a standard oats rotation. At another field site where common scab was the primary disease problem, an Indian mustard green manure reduced common scab by 25%, and rapeseed, yellow mustard, and ‘Lemtal’ ryegrass also reduced black scurf relative to a standard ryegrass rotation. Disease reductions were not always associated with higher glucosinolate-producing crops, and were also observed with non-Brassica crops (barley and ryegrass), indicating other mechanisms and interactions are important, particularly for control of R. solani. Overall, Indian mustard was most effective for reducing powdery scab and common scab diseases, whereas rapeseed and canola were most effective in reducing Rhizoctonia diseases. These results indicate that Brassica crops have potential for use as green manures for the control of multiple soilborne disease problems. | AD17: +++
A18: 1002 | B18: HAFL | C18: SVG | D18: F-Brassica napus | E18: =IF(D18>0,VLOOKUP(D18,lists!$C$6:$D$101,2,FALSE),"") -> Rapeseed | F18: Dwarf Essex | G18: CC | H18: Mid June-Mid August | I18: USA | J18: Maine | K18: unknown | M18: Rhizoctonia solani | N18: =IF(M18>0,VLOOKUP(M18,lists!$Q$6:$R$161,2,FALSE),"") -> Thanatephorus cucumeris | O18: n.i | P18: hostplant suitability unknown | Q18: n.i | R18: very effective | S18: decrease of disease | T18: field | U18: Crop Protection 26: 1067–1077 | V18: Peer reviewed | W18: English | X18: Control of soilborne potato diseases using Brassica green manures | Y18: Larkin, R.P, Griffin, T.S | Z18: 2007 | AA18: Brassica crops used in crop rotations and as green manures have been associated with reductions in soilborne pests and pathogens. These reductions have been attributed to the production of volatile sulfur compounds through a process known as biofumigation, and to changes in soil microbial community structure. In this study, selected Brassica crops, including canola, rapeseed, radish, turnip, yellow mustard, and Indian mustard, were evaluated for control of various soilborne potato pathogens and diseases in culture, in greenhouse trials, and in field trials on commercial potato farms. In in vitro assays, volatiles released from chopped leaf material of Brassica crops and barley inhibited growth of a variety of soilborne pathogens of potato, including Rhizoctonia solani, Phytophthora erythroseptica, Pythium ultimum, Sclerotinia sclerotiorum, and Fusarium sambucinam, with Indian mustard resulting in nearly complete inhibition (80–100%). All Brassica crops and barley reduced inoculum levels of R. solani (20–56% reduction) in greenhouse tests, and radish, rapeseed, and Indian mustard reduced subsequent potato seedling disease by 40–83%. In an on-farm field trial at a site with a substantial powdery scab problem, Indian mustard, rapeseed, canola, and ryegrass grown as green manure rotation crops reduced powdery scab in the subsequent potato crop by 15–40%, and canola and rapeseed reduced black scurf by 70–80% relative to a standard oats rotation. At another field site where common scab was the primary disease problem, an Indian mustard green manure reduced common scab by 25%, and rapeseed, yellow mustard, and ‘Lemtal’ ryegrass also reduced black scurf relative to a standard ryegrass rotation. Disease reductions were not always associated with higher glucosinolate-producing crops, and were also observed with non-Brassica crops (barley and ryegrass), indicating other mechanisms and interactions are important, particularly for control of R. solani. Overall, Indian mustard was most effective for reducing powdery scab and common scab diseases, whereas rapeseed and canola were most effective in reducing Rhizoctonia diseases. These results indicate that Brassica crops have potential for use as green manures for the control of multiple soilborne disease problems. | AD18: +++
A19: 1002 | B19: HAFL | C19: SVG | D19: G-Brassica spp. | E19: Mustards | F19: Brassica juncea | G19: CC | H19: Mid June-Mid August | I19: USA | J19: Maine | K19: unknown | M19: Spongospora subterranea f. sp. subterranea | N19: =IF(M19>0,VLOOKUP(M19,lists!$Q$6:$R$161,2,FALSE),"") -> 0 | O19: n.i | P19: hostplant suitability unknown | Q19: n.i | R19: effective | S19: decrease of disease | T19: field | U19: Crop Protection 26: 1067–1077 | V19: Peer reviewed | W19: English | X19: Control of soilborne potato diseases using Brassica green manures | Y19: Larkin, R.P, Griffin, T.S | Z19: 2007 | AA19: Brassica crops used in crop rotations and as green manures have been associated with reductions in soilborne pests and pathogens. These reductions have been attributed to the production of volatile sulfur compounds through a process known as biofumigation, and to changes in soil microbial community structure. In this study, selected Brassica crops, including canola, rapeseed, radish, turnip, yellow mustard, and Indian mustard, were evaluated for control of various soilborne potato pathogens and diseases in culture, in greenhouse trials, and in field trials on commercial potato farms. In in vitro assays, volatiles released from chopped leaf material of Brassica crops and barley inhibited growth of a variety of soilborne pathogens of potato, including Rhizoctonia solani, Phytophthora erythroseptica, Pythium ultimum, Sclerotinia sclerotiorum, and Fusarium sambucinam, with Indian mustard resulting in nearly complete inhibition (80–100%). All Brassica crops and barley reduced inoculum levels of R. solani (20–56% reduction) in greenhouse tests, and radish, rapeseed, and Indian mustard reduced subsequent potato seedling disease by 40–83%. In an on-farm field trial at a site with a substantial powdery scab problem, Indian mustard, rapeseed, canola, and ryegrass grown as green manure rotation crops reduced powdery scab in the subsequent potato crop by 15–40%, and canola and rapeseed reduced black scurf by 70–80% relative to a standard oats rotation. At another field site where common scab was the primary disease problem, an Indian mustard green manure reduced common scab by 25%, and rapeseed, yellow mustard, and ‘Lemtal’ ryegrass also reduced black scurf relative to a standard ryegrass rotation. Disease reductions were not always associated with higher glucosinolate-producing crops, and were also observed with non-Brassica crops (barley and ryegrass), indicating other mechanisms and interactions are important, particularly for control of R. solani. Overall, Indian mustard was most effective for reducing powdery scab and common scab diseases, whereas rapeseed and canola were most effective in reducing Rhizoctonia diseases. These results indicate that Brassica crops have potential for use as green manures for the control of multiple soilborne disease problems. | AD19: +++
A20: 1002 | B20: HAFL | C20: SVG | D20: F-Brassica napus | E20: =IF(D20>0,VLOOKUP(D20,lists!$C$6:$D$101,2,FALSE),"") -> Rapeseed | F20: Canola Hyola 401 | G20: CC | H20: Mid June-Mid August | I20: USA | J20: Maine | K20: unknown | M20: Spongospora subterranea f. sp. subterranea | N20: =IF(M20>0,VLOOKUP(M20,lists!$Q$6:$R$161,2,FALSE),"") -> 0 | O20: n.i | P20: hostplant suitability unknown | Q20: n.i | R20: effective | S20: decrease of disease | T20: field | U20: Crop Protection 26: 1067–1077 | V20: Peer reviewed | W20: English | X20: Control of soilborne potato diseases using Brassica green manures | Y20: Larkin, R.P, Griffin, T.S | Z20: 2007 | AA20: Brassica crops used in crop rotations and as green manures have been associated with reductions in soilborne pests and pathogens. These reductions have been attributed to the production of volatile sulfur compounds through a process known as biofumigation, and to changes in soil microbial community structure. In this study, selected Brassica crops, including canola, rapeseed, radish, turnip, yellow mustard, and Indian mustard, were evaluated for control of various soilborne potato pathogens and diseases in culture, in greenhouse trials, and in field trials on commercial potato farms. In in vitro assays, volatiles released from chopped leaf material of Brassica crops and barley inhibited growth of a variety of soilborne pathogens of potato, including Rhizoctonia solani, Phytophthora erythroseptica, Pythium ultimum, Sclerotinia sclerotiorum, and Fusarium sambucinam, with Indian mustard resulting in nearly complete inhibition (80–100%). All Brassica crops and barley reduced inoculum levels of R. solani (20–56% reduction) in greenhouse tests, and radish, rapeseed, and Indian mustard reduced subsequent potato seedling disease by 40–83%. In an on-farm field trial at a site with a substantial powdery scab problem, Indian mustard, rapeseed, canola, and ryegrass grown as green manure rotation crops reduced powdery scab in the subsequent potato crop by 15–40%, and canola and rapeseed reduced black scurf by 70–80% relative to a standard oats rotation. At another field site where common scab was the primary disease problem, an Indian mustard green manure reduced common scab by 25%, and rapeseed, yellow mustard, and ‘Lemtal’ ryegrass also reduced black scurf relative to a standard ryegrass rotation. Disease reductions were not always associated with higher glucosinolate-producing crops, and were also observed with non-Brassica crops (barley and ryegrass), indicating other mechanisms and interactions are important, particularly for control of R. solani. Overall, Indian mustard was most effective for reducing powdery scab and common scab diseases, whereas rapeseed and canola were most effective in reducing Rhizoctonia diseases. These results indicate that Brassica crops have potential for use as green manures for the control of multiple soilborne disease problems. | AD20: +++
A21: 1002 | B21: HAFL | C21: SVG | D21: F-Brassica napus | E21: =IF(D21>0,VLOOKUP(D21,lists!$C$6:$D$101,2,FALSE),"") -> Rapeseed | F21: Dwarf Essex | G21: CC | H21: Mid June-Mid August | I21: USA | J21: Maine | K21: unknown | M21: Spongospora subterranea f. sp. subterranea | N21: =IF(M21>0,VLOOKUP(M21,lists!$Q$6:$R$161,2,FALSE),"") -> 0 | O21: n.i | P21: hostplant suitability unknown | Q21: n.i | R21: effective | S21: decrease of disease | T21: field | U21: Crop Protection 26: 1067–1077 | V21: Peer reviewed | W21: English | X21: Control of soilborne potato diseases using Brassica green manures | Y21: Larkin, R.P, Griffin, T.S | Z21: 2007 | AA21: Brassica crops used in crop rotations and as green manures have been associated with reductions in soilborne pests and pathogens. These reductions have been attributed to the production of volatile sulfur compounds through a process known as biofumigation, and to changes in soil microbial community structure. In this study, selected Brassica crops, including canola, rapeseed, radish, turnip, yellow mustard, and Indian mustard, were evaluated for control of various soilborne potato pathogens and diseases in culture, in greenhouse trials, and in field trials on commercial potato farms. In in vitro assays, volatiles released from chopped leaf material of Brassica crops and barley inhibited growth of a variety of soilborne pathogens of potato, including Rhizoctonia solani, Phytophthora erythroseptica, Pythium ultimum, Sclerotinia sclerotiorum, and Fusarium sambucinam, with Indian mustard resulting in nearly complete inhibition (80–100%). All Brassica crops and barley reduced inoculum levels of R. solani (20–56% reduction) in greenhouse tests, and radish, rapeseed, and Indian mustard reduced subsequent potato seedling disease by 40–83%. In an on-farm field trial at a site with a substantial powdery scab problem, Indian mustard, rapeseed, canola, and ryegrass grown as green manure rotation crops reduced powdery scab in the subsequent potato crop by 15–40%, and canola and rapeseed reduced black scurf by 70–80% relative to a standard oats rotation. At another field site where common scab was the primary disease problem, an Indian mustard green manure reduced common scab by 25%, and rapeseed, yellow mustard, and ‘Lemtal’ ryegrass also reduced black scurf relative to a standard ryegrass rotation. Disease reductions were not always associated with higher glucosinolate-producing crops, and were also observed with non-Brassica crops (barley and ryegrass), indicating other mechanisms and interactions are important, particularly for control of R. solani. Overall, Indian mustard was most effective for reducing powdery scab and common scab diseases, whereas rapeseed and canola were most effective in reducing Rhizoctonia diseases. These results indicate that Brassica crops have potential for use as green manures for the control of multiple soilborne disease problems. | AD21: +++
A22: 1002 | B22: HAFL | C22: SVG | D22: G-Lolium multiflorum | E22: =IF(D22>0,VLOOKUP(D22,lists!$C$6:$D$101,2,FALSE),"") -> Italian ryegrass | F22: Lemtal | G22: CC | H22: Mid June-Mid August | I22: USA | J22: Maine | K22: unknown | M22: Spongospora subterranea f. sp. subterranea | N22: =IF(M22>0,VLOOKUP(M22,lists!$Q$6:$R$161,2,FALSE),"") -> 0 | O22: n.i | P22: hostplant suitability unknown | Q22: n.i | R22: effective | S22: decrease of disease | T22: field | U22: Crop Protection 26: 1067–1077 | V22: Peer reviewed | W22: English | X22: Control of soilborne potato diseases using Brassica green manures | Y22: Larkin, R.P, Griffin, T.S | Z22: 2007 | AA22: Brassica crops used in crop rotations and as green manures have been associated with reductions in soilborne pests and pathogens. These reductions have been attributed to the production of volatile sulfur compounds through a process known as biofumigation, and to changes in soil microbial community structure. In this study, selected Brassica crops, including canola, rapeseed, radish, turnip, yellow mustard, and Indian mustard, were evaluated for control of various soilborne potato pathogens and diseases in culture, in greenhouse trials, and in field trials on commercial potato farms. In in vitro assays, volatiles released from chopped leaf material of Brassica crops and barley inhibited growth of a variety of soilborne pathogens of potato, including Rhizoctonia solani, Phytophthora erythroseptica, Pythium ultimum, Sclerotinia sclerotiorum, and Fusarium sambucinam, with Indian mustard resulting in nearly complete inhibition (80–100%). All Brassica crops and barley reduced inoculum levels of R. solani (20–56% reduction) in greenhouse tests, and radish, rapeseed, and Indian mustard reduced subsequent potato seedling disease by 40–83%. In an on-farm field trial at a site with a substantial powdery scab problem, Indian mustard, rapeseed, canola, and ryegrass grown as green manure rotation crops reduced powdery scab in the subsequent potato crop by 15–40%, and canola and rapeseed reduced black scurf by 70–80% relative to a standard oats rotation. At another field site where common scab was the primary disease problem, an Indian mustard green manure reduced common scab by 25%, and rapeseed, yellow mustard, and ‘Lemtal’ ryegrass also reduced black scurf relative to a standard ryegrass rotation. Disease reductions were not always associated with higher glucosinolate-producing crops, and were also observed with non-Brassica crops (barley and ryegrass), indicating other mechanisms and interactions are important, particularly for control of R. solani. Overall, Indian mustard was most effective for reducing powdery scab and common scab diseases, whereas rapeseed and canola were most effective in reducing Rhizoctonia diseases. These results indicate that Brassica crops have potential for use as green manures for the control of multiple soilborne disease problems. | AD22: +++
A23: 1002 | B23: HAFL | C23: SVG | D23: G-Brassica spp. | E23: Mustards | F23: Brassica juncea | G23: CC | H23: Mid June-Mid August | I23: USA | J23: Maine | K23: unknown | M23: Streptomyces scabies | N23: =IF(M23>0,VLOOKUP(M23,lists!$Q$6:$R$161,2,FALSE),"") -> 0 | O23: n.i | P23: hostplant suitability unknown | Q23: n.i | R23: very effective | S23: decrease of disease | T23: field | U23: Crop Protection 26: 1067–1077 | V23: Peer reviewed | W23: English | X23: Control of soilborne potato diseases using Brassica green manures | Y23: Larkin, R.P, Griffin, T.S | Z23: 2007 | AA23: Brassica crops used in crop rotations and as green manures have been associated with reductions in soilborne pests and pathogens. These reductions have been attributed to the production of volatile sulfur compounds through a process known as biofumigation, and to changes in soil microbial community structure. In this study, selected Brassica crops, including canola, rapeseed, radish, turnip, yellow mustard, and Indian mustard, were evaluated for control of various soilborne potato pathogens and diseases in culture, in greenhouse trials, and in field trials on commercial potato farms. In in vitro assays, volatiles released from chopped leaf material of Brassica crops and barley inhibited growth of a variety of soilborne pathogens of potato, including Rhizoctonia solani, Phytophthora erythroseptica, Pythium ultimum, Sclerotinia sclerotiorum, and Fusarium sambucinam, with Indian mustard resulting in nearly complete inhibition (80–100%). All Brassica crops and barley reduced inoculum levels of R. solani (20–56% reduction) in greenhouse tests, and radish, rapeseed, and Indian mustard reduced subsequent potato seedling disease by 40–83%. In an on-farm field trial at a site with a substantial powdery scab problem, Indian mustard, rapeseed, canola, and ryegrass grown as green manure rotation crops reduced powdery scab in the subsequent potato crop by 15–40%, and canola and rapeseed reduced black scurf by 70–80% relative to a standard oats rotation. At another field site where common scab was the primary disease problem, an Indian mustard green manure reduced common scab by 25%, and rapeseed, yellow mustard, and ‘Lemtal’ ryegrass also reduced black scurf relative to a standard ryegrass rotation. Disease reductions were not always associated with higher glucosinolate-producing crops, and were also observed with non-Brassica crops (barley and ryegrass), indicating other mechanisms and interactions are important, particularly for control of R. solani. Overall, Indian mustard was most effective for reducing powdery scab and common scab diseases, whereas rapeseed and canola were most effective in reducing Rhizoctonia diseases. These results indicate that Brassica crops have potential for use as green manures for the control of multiple soilborne disease problems. | AD23: +++
A24: 1002 | B24: HAFL | C24: SVG | D24: G-Sinapis alba | E24: White mustard | F24: IdaGold | G24: CC | H24: Mid June-Mid August | I24: USA | J24: Maine | K24: unknown | M24: Streptomyces scabies | N24: =IF(M24>0,VLOOKUP(M24,lists!$Q$6:$R$161,2,FALSE),"") -> 0 | O24: n.i | P24: hostplant suitability unknown | Q24: n.i | R24: effective | S24: decrease of disease | T24: field | U24: Crop Protection 26: 1067–1077 | V24: Peer reviewed | W24: English | X24: Control of soilborne potato diseases using Brassica green manures | Y24: Larkin, R.P, Griffin, T.S | Z24: 2007 | AA24: Brassica crops used in crop rotations and as green manures have been associated with reductions in soilborne pests and pathogens. These reductions have been attributed to the production of volatile sulfur compounds through a process known as biofumigation, and to changes in soil microbial community structure. In this study, selected Brassica crops, including canola, rapeseed, radish, turnip, yellow mustard, and Indian mustard, were evaluated for control of various soilborne potato pathogens and diseases in culture, in greenhouse trials, and in field trials on commercial potato farms. In in vitro assays, volatiles released from chopped leaf material of Brassica crops and barley inhibited growth of a variety of soilborne pathogens of potato, including Rhizoctonia solani, Phytophthora erythroseptica, Pythium ultimum, Sclerotinia sclerotiorum, and Fusarium sambucinam, with Indian mustard resulting in nearly complete inhibition (80–100%). All Brassica crops and barley reduced inoculum levels of R. solani (20–56% reduction) in greenhouse tests, and radish, rapeseed, and Indian mustard reduced subsequent potato seedling disease by 40–83%. In an on-farm field trial at a site with a substantial powdery scab problem, Indian mustard, rapeseed, canola, and ryegrass grown as green manure rotation crops reduced powdery scab in the subsequent potato crop by 15–40%, and canola and rapeseed reduced black scurf by 70–80% relative to a standard oats rotation. At another field site where common scab was the primary disease problem, an Indian mustard green manure reduced common scab by 25%, and rapeseed, yellow mustard, and ‘Lemtal’ ryegrass also reduced black scurf relative to a standard ryegrass rotation. Disease reductions were not always associated with higher glucosinolate-producing crops, and were also observed with non-Brassica crops (barley and ryegrass), indicating other mechanisms and interactions are important, particularly for control of R. solani. Overall, Indian mustard was most effective for reducing powdery scab and common scab diseases, whereas rapeseed and canola were most effective in reducing Rhizoctonia diseases. These results indicate that Brassica crops have potential for use as green manures for the control of multiple soilborne disease problems. | AD24: +++
A25: 1002 | B25: HAFL | C25: SVG | D25: F-Brassica napus | E25: =IF(D25>0,VLOOKUP(D25,lists!$C$6:$D$101,2,FALSE),"") -> Rapeseed | F25: Dwarf Essex | G25: CC | H25: Mid June-Mid August | I25: USA | J25: Maine | K25: unknown | M25: Streptomyces scabies | N25: =IF(M25>0,VLOOKUP(M25,lists!$Q$6:$R$161,2,FALSE),"") -> 0 | O25: n.i | P25: hostplant suitability unknown | Q25: n.i | R25: effective | S25: decrease of disease | T25: field | U25: Crop Protection 26: 1067–1077 | V25: Peer reviewed | W25: English | X25: Control of soilborne potato diseases using Brassica green manures | Y25: Larkin, R.P, Griffin, T.S | Z25: 2007 | AA25: Brassica crops used in crop rotations and as green manures have been associated with reductions in soilborne pests and pathogens. These reductions have been attributed to the production of volatile sulfur compounds through a process known as biofumigation, and to changes in soil microbial community structure. In this study, selected Brassica crops, including canola, rapeseed, radish, turnip, yellow mustard, and Indian mustard, were evaluated for control of various soilborne potato pathogens and diseases in culture, in greenhouse trials, and in field trials on commercial potato farms. In in vitro assays, volatiles released from chopped leaf material of Brassica crops and barley inhibited growth of a variety of soilborne pathogens of potato, including Rhizoctonia solani, Phytophthora erythroseptica, Pythium ultimum, Sclerotinia sclerotiorum, and Fusarium sambucinam, with Indian mustard resulting in nearly complete inhibition (80–100%). All Brassica crops and barley reduced inoculum levels of R. solani (20–56% reduction) in greenhouse tests, and radish, rapeseed, and Indian mustard reduced subsequent potato seedling disease by 40–83%. In an on-farm field trial at a site with a substantial powdery scab problem, Indian mustard, rapeseed, canola, and ryegrass grown as green manure rotation crops reduced powdery scab in the subsequent potato crop by 15–40%, and canola and rapeseed reduced black scurf by 70–80% relative to a standard oats rotation. At another field site where common scab was the primary disease problem, an Indian mustard green manure reduced common scab by 25%, and rapeseed, yellow mustard, and ‘Lemtal’ ryegrass also reduced black scurf relative to a standard ryegrass rotation. Disease reductions were not always associated with higher glucosinolate-producing crops, and were also observed with non-Brassica crops (barley and ryegrass), indicating other mechanisms and interactions are important, particularly for control of R. solani. Overall, Indian mustard was most effective for reducing powdery scab and common scab diseases, whereas rapeseed and canola were most effective in reducing Rhizoctonia diseases. These results indicate that Brassica crops have potential for use as green manures for the control of multiple soilborne disease problems. | AD25: +++
A26: 1003 | B26: HAFL | C26: SVG | D26: F-Solanum tuberosum | E26: =IF(D26>0,VLOOKUP(D26,lists!$C$6:$D$101,2,FALSE),"") -> Potato | F26: unknown | G26: MC | H26: n.i | K26: unknown | M26: Rhizoctonia solani | N26: =IF(M26>0,VLOOKUP(M26,lists!$Q$6:$R$161,2,FALSE),"") -> Thanatephorus cucumeris | O26: n.i | P26: host | Q26: n.i | R26: n.i | S26: n.i | T26: n.i | U26: Pflanzenschutz im nachhaltigen Ackerbau | V26: Book | W26: German | X26: Pflanzenschutz im nachhaltigen Ackerbau | Y26: Häni, F.J, Popow, G., Reinhard, H., Schwarz, A., Voegeli, U. | Z26: 2018 | AB26: overview of common potato diseases | AD26: ++
A27: 1003 | B27: HAFL | C27: SVG | D27: F-Solanum tuberosum | E27: =IF(D27>0,VLOOKUP(D27,lists!$C$6:$D$101,2,FALSE),"") -> Potato | F27: unknown | G27: MC | H27: n.i | K27: unknown | M27: Colletotrichum coccodes | N27: =IF(M27>0,VLOOKUP(M27,lists!$Q$6:$R$161,2,FALSE),"") -> Colletotrichum atramentarium | O27: n.i | P27: host | Q27: n.i | R27: n.i | S27: n.i | T27: n.i | U27: Pflanzenschutz im nachhaltigen Ackerbau | V27: Book | W27: German | X27: Pflanzenschutz im nachhaltigen Ackerbau | Y27: Häni, F.J, Popow, G., Reinhard, H., Schwarz, A., Voegeli, U. | Z27: 2018 | AB27: overview of common potato diseases | AD27: ++
A28: 1003 | B28: HAFL | C28: SVG | D28: F-Solanum tuberosum | E28: =IF(D28>0,VLOOKUP(D28,lists!$C$6:$D$101,2,FALSE),"") -> Potato | F28: unknown | G28: MC | H28: n.i | K28: unknown | M28: Fusarium oxysporum | N28: =IF(M28>0,VLOOKUP(M28,lists!$Q$6:$R$161,2,FALSE),"") -> 0 | O28: n.i | P28: host | Q28: n.i | R28: n.i | S28: n.i | T28: n.i | U28: Pflanzenschutz im nachhaltigen Ackerbau | V28: Book | W28: German | X28: Pflanzenschutz im nachhaltigen Ackerbau | Y28: Häni, F.J, Popow, G., Reinhard, H., Schwarz, A., Voegeli, U. | Z28: 2018 | AB28: overview of common potato diseases | AD28: ++
A29: 1003 | B29: HAFL | C29: SVG | D29: F-Solanum tuberosum | E29: =IF(D29>0,VLOOKUP(D29,lists!$C$6:$D$101,2,FALSE),"") -> Potato | F29: unknown | G29: MC | H29: n.i | K29: unknown | M29: Sclerotinia sclerotiorum | N29: =IF(M29>0,VLOOKUP(M29,lists!$Q$6:$R$161,2,FALSE),"") -> 0 | O29: n.i | P29: host | Q29: n.i | R29: n.i | S29: n.i | T29: n.i | U29: Pflanzenschutz im nachhaltigen Ackerbau | V29: Book | W29: German | X29: Pflanzenschutz im nachhaltigen Ackerbau | Y29: Häni, F.J, Popow, G., Reinhard, H., Schwarz, A., Voegeli, U. | Z29: 2018 | AB29: overview of common potato diseases | AD29: ++
A30: 1003 | B30: HAFL | C30: SVG | D30: F-Solanum tuberosum | E30: =IF(D30>0,VLOOKUP(D30,lists!$C$6:$D$101,2,FALSE),"") -> Potato | F30: unknown | G30: MC | H30: n.i | K30: unknown | M30: Spongospora subterranea f. sp. subterranea | N30: =IF(M30>0,VLOOKUP(M30,lists!$Q$6:$R$161,2,FALSE),"") -> 0 | O30: n.i | P30: host | Q30: n.i | R30: n.i | S30: n.i | T30: n.i | U30: Pflanzenschutz im nachhaltigen Ackerbau | V30: Book | W30: German | X30: Pflanzenschutz im nachhaltigen Ackerbau | Y30: Häni, F.J, Popow, G., Reinhard, H., Schwarz, A., Voegeli, U. | Z30: 2018 | AB30: overview of common potato diseases | AD30: ++
A31: 1003 | B31: HAFL | C31: SVG | D31: F-Solanum tuberosum | E31: =IF(D31>0,VLOOKUP(D31,lists!$C$6:$D$101,2,FALSE),"") -> Potato | F31: unknown | G31: MC | H31: n.i | K31: unknown | M31: Fusarium solani | N31: =IF(M31>0,VLOOKUP(M31,lists!$Q$6:$R$161,2,FALSE),"") -> 0 | O31: n.i | P31: host | Q31: n.i | R31: n.i | S31: n.i | T31: n.i | U31: Pflanzenschutz im nachhaltigen Ackerbau | V31: Book | W31: German | X31: Pflanzenschutz im nachhaltigen Ackerbau | Y31: Häni, F.J, Popow, G., Reinhard, H., Schwarz, A., Voegeli, U. | Z31: 2018 | AB31: overview of common potato diseases | AD31: ++
A32: 1003 | B32: HAFL | C32: SVG | D32: F-Solanum tuberosum | E32: =IF(D32>0,VLOOKUP(D32,lists!$C$6:$D$101,2,FALSE),"") -> Potato | F32: unknown | G32: MC | H32: n.i | K32: unknown | M32: Phytophthora spp. | N32: =IF(M32>0,VLOOKUP(M32,lists!$Q$6:$R$161,2,FALSE),"") -> 0 | O32: n.i | P32: host | Q32: n.i | R32: n.i | S32: n.i | T32: n.i | U32: Pflanzenschutz im nachhaltigen Ackerbau | V32: Book | W32: German | X32: Pflanzenschutz im nachhaltigen Ackerbau | Y32: Häni, F.J, Popow, G., Reinhard, H., Schwarz, A., Voegeli, U. | Z32: 2018 | AB32: overview of common potato diseases | AD32: ++
A33: 1003 | B33: HAFL | C33: SVG | D33: F-Solanum tuberosum | E33: =IF(D33>0,VLOOKUP(D33,lists!$C$6:$D$101,2,FALSE),"") -> Potato | F33: unknown | G33: MC | H33: n.i | K33: unknown | M33: Streptomyces scabies | N33: =IF(M33>0,VLOOKUP(M33,lists!$Q$6:$R$161,2,FALSE),"") -> 0 | O33: n.i | P33: host | Q33: n.i | R33: n.i | S33: n.i | T33: n.i | U33: Pflanzenschutz im nachhaltigen Ackerbau | V33: Book | W33: German | X33: Pflanzenschutz im nachhaltigen Ackerbau | Y33: Häni, F.J, Popow, G., Reinhard, H., Schwarz, A., Voegeli, U. | Z33: 2018 | AB33: overview of common potato diseases | AD33: ++
A34: 1003 | B34: HAFL | C34: SVG | D34: G-Brassica rapa | E34: =IF(D34>0,VLOOKUP(D34,lists!$C$6:$D$101,2,FALSE),"") -> Turnip | F34: unknown | G34: n.i | H34: n.i | K34: unknown | M34: Streptomyces scabies | N34: =IF(M34>0,VLOOKUP(M34,lists!$Q$6:$R$161,2,FALSE),"") -> 0 | O34: n.i | P34: host | Q34: n.i | R34: n.i | S34: n.i | T34: n.i | U34: Pflanzenschutz im nachhaltigen Ackerbau | V34: Book | W34: German | X34: Pflanzenschutz im nachhaltigen Ackerbau | Y34: Häni, F.J, Popow, G., Reinhard, H., Schwarz, A., Voegeli, U. | Z34: 2018 | AB34: overview of common potato diseases | AD34: ++
A35: 1003 | B35: HAFL | C35: SVG | D35: F-Solanum tuberosum | E35: =IF(D35>0,VLOOKUP(D35,lists!$C$6:$D$101,2,FALSE),"") -> Potato | F35: unknown | G35: MC | H35: n.i | K35: unknown | L35: Globodera rostochiensis / G. pallida | N35: =IF(M35>0,VLOOKUP(M35,lists!$Q$6:$R$161,2,FALSE),"") | O35: n.i | P35: host | Q35: n.i | R35: n.i | S35: n.i | T35: n.i | U35: Pflanzenschutz im nachhaltigen Ackerbau | V35: Book | W35: German | X35: Pflanzenschutz im nachhaltigen Ackerbau | Y35: Häni, F.J, Popow, G., Reinhard, H., Schwarz, A., Voegeli, U. | Z35: 2018 | AB35: overview of common potato diseases | AD35: ++
A36: 1004 | B36: HAFL | C36: SVG | D36: G-Sorghum spp. | E36: =IF(D36>0,VLOOKUP(D36,lists!$C$6:$D$101,2,FALSE),"") -> Sorghum, Sudangrass | F36: Hidan 36 | G36: CC | H36: n.i | I36: USA | J36: Idaho | K36: sandy loam | L36: Meloidogyne chitwoodi | N36: =IF(M36>0,VLOOKUP(M36,lists!$Q$6:$R$161,2,FALSE),"") | O36: n.i | P36: moderate host | Q36: n.i | R36: effective | S36: increase of yield | T36: greenhouse and field | U36: Nematropica 28(2) 1999 | V36: Peer reviewed | W36: English | X36: Host Status and Green Manure Effect of Selected Crops on Meloidogyne chitwoodi Race 2 and Pratylenchus neglectus | Y36: Al-Rehiayani, S. and Hafez, S. | Z36: 1998 | AD36: +++
A37: 1004 | B37: HAFL | C37: SVG | D37: G-Sorghum spp. | E37: =IF(D37>0,VLOOKUP(D37,lists!$C$6:$D$101,2,FALSE),"") -> Sorghum, Sudangrass | F37: Trudan 8, Sordan 79 | G37: CC | H37: n.i | I37: USA | J37: Idaho | K37: sandy loam | L37: Meloidogyne chitwoodi | N37: =IF(M37>0,VLOOKUP(M37,lists!$Q$6:$R$161,2,FALSE),"") | O37: n.i | P37: poor host | Q37: n.i | R37: effective | S37: increase of yield | T37: greenhouse and field | U37: Nematropica 28(2) 1999 | V37: Peer reviewed | W37: English | X37: Host Status and Green Manure Effect of Selected Crops on Meloidogyne chitwoodi Race 2 and Pratylenchus neglectus | Y37: Al-Rehiayani, S. and Hafez, S. | Z37: 1998 | AD37: +++
A38: 1004 | B38: HAFL | C38: SVG | D38: G-Fagopyrum esculentum | E38: =IF(D38>0,VLOOKUP(D38,lists!$C$6:$D$101,2,FALSE),"") -> Buckwheat | F38: Rondo, Tardo | G38: CC | H38: n.i | I38: USA | J38: Idaho | K38: sandy loam | L38: Meloidogyne chitwoodi | N38: =IF(M38>0,VLOOKUP(M38,lists!$Q$6:$R$161,2,FALSE),"") | O38: n.i | P38: non host | Q38: n.i | R38: effective | S38: increase of yield | T38: greenhouse and field | U38: Nematropica 28(2) 1999 | V38: Peer reviewed | W38: English | X38: Host Status and Green Manure Effect of Selected Crops on Meloidogyne chitwoodi Race 2 and Pratylenchus neglectus | Y38: Al-Rehiayani, S. and Hafez, S. | Z38: 1998 | AD38: +++
A39: 1004 | B39: HAFL | C39: SVG | D39: G-Fagopyrum esculentum | E39: =IF(D39>0,VLOOKUP(D39,lists!$C$6:$D$101,2,FALSE),"") -> Buckwheat | F39: Prego, Kendo | G39: CC | H39: n.i | I39: USA | J39: Idaho | K39: sandy loam | L39: Meloidogyne chitwoodi | N39: =IF(M39>0,VLOOKUP(M39,lists!$Q$6:$R$161,2,FALSE),"") | O39: n.i | P39: poor host | Q39: n.i | R39: effective | S39: increase of yield | T39: greenhouse and field | U39: Nematropica 28(2) 2000 | V39: Peer reviewed | W39: English | X39: Host Status and Green Manure Effect of Selected Crops on Meloidogyne chitwoodi Race 2 and Pratylenchus neglectus | Y39: Al-Rehiayani, S. and Hafez, S. | Z39: 1998 | AD39: +++
A40: 1004 | B40: HAFL | C40: SVG | D40: F-Brassica napus | E40: =IF(D40>0,VLOOKUP(D40,lists!$C$6:$D$101,2,FALSE),"") -> Rapeseed | F40: Humus | G40: CC | H40: n.i | I40: USA | J40: Idaho | K40: sandy loam | L40: Meloidogyne chitwoodi | N40: =IF(M40>0,VLOOKUP(M40,lists!$Q$6:$R$161,2,FALSE),"") | O40: n.i | P40: poor host | Q40: n.i | R40: very effective | S40: increase of yield | T40: greenhouse and field | U40: Nematropica 28(2) 2001 | V40: Peer reviewed | W40: English | X40: Host Status and Green Manure Effect of Selected Crops on Meloidogyne chitwoodi Race 2 and Pratylenchus neglectus | Y40: Al-Rehiayani, S. and Hafez, S. | Z40: 1998 | AD40: +++
A41: 1004 | B41: HAFL | C41: SVG | D41: F-Zea mais | E41: =IF(D41>0,VLOOKUP(D41,lists!$C$6:$D$101,2,FALSE),"") -> Maize (corn) | F41: Hybrid AP622 | G41: CC | H41: n.i | I41: USA | J41: Idaho | K41: sandy loam | L41: Meloidogyne chitwoodi | N41: =IF(M41>0,VLOOKUP(M41,lists!$Q$6:$R$161,2,FALSE),"") | O41: n.i | P41: poor host | Q41: n.i | R41: very effective | S41: increase of yield | T41: greenhouse and field | U41: Nematropica 28(2) 2002 | V41: Peer reviewed | W41: English | X41: Host Status and Green Manure Effect of Selected Crops on Meloidogyne chitwoodi Race 2 and Pratylenchus neglectus | Y41: Al-Rehiayani, S. and Hafez, S. | Z41: 1998 | AD41: +++
A42: 1004 | B42: HAFL | C42: SVG | D42: G-Raphanus sativus | E42: =IF(D42>0,VLOOKUP(D42,lists!$C$6:$D$101,2,FALSE),"") -> Radish | F42: Trez, Melodie | G42: CC | H42: n.i | I42: USA | J42: Idaho | K42: sandy loam | L42: Pratylenchus neglectus | N42: =IF(M42>0,VLOOKUP(M42,lists!$Q$6:$R$161,2,FALSE),"") | O42: n.i | P42: moderate host | Q42: n.i | R42: not effective | S42: n.i | T42: greenhouse and field | U42: Nematropica 28(2) 2003 | V42: Peer reviewed | W42: English | X42: Host Status and Green Manure Effect of Selected Crops on Meloidogyne chitwoodi Race 2 and Pratylenchus neglectus | Y42: Al-Rehiayani, S. and Hafez, S. | Z42: 1998 | AD42: +++
A43: 1004 | B43: HAFL | C43: SVG | D43: G-Sorghum spp. | E43: =IF(D43>0,VLOOKUP(D43,lists!$C$6:$D$101,2,FALSE),"") -> Sorghum, Sudangrass | F43: Hidan 36 | G43: CC | H43: n.i | I43: USA | J43: Idaho | K43: sandy loam | L43: Pratylenchus neglectus | N43: =IF(M43>0,VLOOKUP(M43,lists!$Q$6:$R$161,2,FALSE),"") | O43: n.i | P43: moderate host | Q43: n.i | R43: not effective | S43: n.i | T43: greenhouse and field | U43: Nematropica 28(2) 2004 | V43: Peer reviewed | W43: English | X43: Host Status and Green Manure Effect of Selected Crops on Meloidogyne chitwoodi Race 2 and Pratylenchus neglectus | Y43: Al-Rehiayani, S. and Hafez, S. | Z43: 1998 | AD43: +++
A44: 1004 | B44: HAFL | C44: SVG | D44: G-Sorghum spp. | E44: =IF(D44>0,VLOOKUP(D44,lists!$C$6:$D$101,2,FALSE),"") -> Sorghum, Sudangrass | F44: Trudan 8, Sordan 79 | G44: CC | H44: n.i | I44: USA | J44: Idaho | K44: sandy loam | L44: Pratylenchus neglectus | N44: =IF(M44>0,VLOOKUP(M44,lists!$Q$6:$R$161,2,FALSE),"") | O44: n.i | P44: moderate host | Q44: n.i | R44: not effective | S44: n.i | T44: greenhouse and field | U44: Nematropica 28(2) 2005 | V44: Peer reviewed | W44: English | X44: Host Status and Green Manure Effect of Selected Crops on Meloidogyne chitwoodi Race 2 and Pratylenchus neglectus | Y44: Al-Rehiayani, S. and Hafez, S. | Z44: 1998 | AD44: +++
A45: 1004 | B45: HAFL | C45: SVG | D45: G-Fagopyrum esculentum | E45: =IF(D45>0,VLOOKUP(D45,lists!$C$6:$D$101,2,FALSE),"") -> Buckwheat | F45: Rondo, Prego, Kendo | G45: CC | H45: n.i | I45: USA | J45: Idaho | K45: sandy loam | L45: Pratylenchus neglectus | N45: =IF(M45>0,VLOOKUP(M45,lists!$Q$6:$R$161,2,FALSE),"") | O45: n.i | P45: moderate host | Q45: n.i | R45: not effective | S45: n.i | T45: greenhouse and field | U45: Nematropica 28(2) 2006 | V45: Peer reviewed | W45: English | X45: Host Status and Green Manure Effect of Selected Crops on Meloidogyne chitwoodi Race 2 and Pratylenchus neglectus | Y45: Al-Rehiayani, S. and Hafez, S. | Z45: 1998 | AD45: +++
A46: 1004 | B46: HAFL | C46: SVG | D46: G-Fagopyrum esculentum | E46: =IF(D46>0,VLOOKUP(D46,lists!$C$6:$D$101,2,FALSE),"") -> Buckwheat | F46: Tardo | G46: CC | H46: n.i | I46: USA | J46: Idaho | K46: sandy loam | L46: Pratylenchus neglectus | N46: =IF(M46>0,VLOOKUP(M46,lists!$Q$6:$R$161,2,FALSE),"") | O46: n.i | P46: poor host | Q46: n.i | R46: not effective | S46: n.i | T46: greenhouse and field | U46: Nematropica 28(2) 2007 | V46: Peer reviewed | W46: English | X46: Host Status and Green Manure Effect of Selected Crops on Meloidogyne chitwoodi Race 2 and Pratylenchus neglectus | Y46: Al-Rehiayani, S. and Hafez, S. | Z46: 1998 | AD46: +++
A47: 1004 | B47: HAFL | C47: SVG | D47: F-Brassica napus | E47: =IF(D47>0,VLOOKUP(D47,lists!$C$6:$D$101,2,FALSE),"") -> Rapeseed | F47: Humus | G47: CC | H47: n.i | I47: USA | J47: Idaho | K47: sandy loam | L47: Pratylenchus neglectus | N47: =IF(M47>0,VLOOKUP(M47,lists!$Q$6:$R$161,2,FALSE),"") | O47: n.i | P47: good host | Q47: n.i | R47: not effective | S47: n.i | T47: greenhouse and field | U47: Nematropica 28(2) 2008 | V47: Peer reviewed | W47: English | X47: Host Status and Green Manure Effect of Selected Crops on Meloidogyne chitwoodi Race 2 and Pratylenchus neglectus | Y47: Al-Rehiayani, S. and Hafez, S. | Z47: 1998 | AD47: +++
... A52: 1004 | B52: HAFL | C52: SVG | D52: F-Hordeum vulgare | E52: =IF(D52>0,VLOOKUP(D52,lists!$C$6:$D$101,2,FALSE),"") -> Barley | F52: Steptoe | G52: CC | H52: n.i | I52: USA | J52: Idaho | K52: sandy loam | L52: Meloidogyne chitwoodi | N52: =IF(M52>0,VLOOKUP(M52,lists!$Q$6:$R$161,2,FALSE),"") | O52: n.i | P52: good host | Q52: n.i | R52: effective | S52: increase of yield | T52: greenhouse and field | U52: Nematropica 28(2) 2013 | V52: Peer reviewed | W52: English | X52: Host Status and Green Manure Effect of Selected Crops on Meloidogyne chitwoodi Race 2 and Pratylenchus neglectus | Y52: Al-Rehiayani, S. and Hafez, S. | Z52: 1998 | AD52: +++
A53: 1005 | B53: HAFL | C53: SVG | D53: F-Solanum tuberosum | E53: =IF(D53>0,VLOOKUP(D53,lists!$C$6:$D$101,2,FALSE),"") -> Potato | G53: MC | H53: n.i | I53: Worldwide | K53: unknown | M53: Colletotrichum coccodes | N53: =IF(M53>0,VLOOKUP(M53,lists!$Q$6:$R$161,2,FALSE),"") -> Colletotrichum atramentarium | O53: n.i | P53: hostplant suitability unknown | Q53: n.i | R53: n.i | S53: n.i | T53: n.i | U53: Agronomy for Sustainable Development | V53: Peer reviewed | W53: English | X53: Potato soil born disease.A review | Y53: Fiers, M., Edel-Hermann, V., Chatot, C., Le Hingrat, Y., Alabouvette, C., Steinberg, C. | Z53: 2012 | AA53: Abstract Potato crop is the fourth main food crop in the world and it will certainly feed a big part of the global population in the next years. The economical outlets for this crop are great; however, numerous diseases either soil- or airborne can cause huge losses in the production. Worldwide, about 40 soil-borne diseases affect potato and cause severe damages especially on tubers, the economically most important part of the plant. The occurrence and development of soilborne diseases depend on very diverse factors affecting either the pathogen or the plant. Favorable conditions for potato diseases development are frequently the same as the conditions needed for potato growth: temperature between 10°C and 25°C, high humidity, medium pH, etc. Adapted cultural practices such as a rotation longer than 4 years, appropriate fertilization and watermanagement, an adapted delay between haulm killing and harvest, and dry and cool conditions for tuber storage are good ways to control potato diseases. Inmost cases, potato pathogens develop specific survival forms, dissemination ways and host penetration methods. The genetic variability of the pathogens implies the use of adapted diagnostic and control methods. Decision support systems developed to predict yield losses allow choosing good control methods such as the use of healthy seeds, adapted pesticides, cultural practices, and biological control agents for each potato disease. The complexity of the interactions between a pathogen and its host, influenced by biotic and abiotic factors of the environment, make the control of the diseases often very difficult. However, deep knowledge of pathosystems allows setting up integrated pest management systems allowing the production of healthy and good quality potatoes. | AD53: +++
A54: 1005 | B54: HAFL | C54: SVG | D54: F-Solanum tuberosum | E54: =IF(D54>0,VLOOKUP(D54,lists!$C$6:$D$101,2,FALSE),"") -> Potato | G54: MC | H54: n.i | I54: America, Europe, Asia | K54: unknown | M54: Macrophomina phaseolina | N54: =IF(M54>0,VLOOKUP(M54,lists!$Q$6:$R$161,2,FALSE),"") -> 0 | O54: n.i | P54: hostplant suitability unknown | Q54: n.i | R54: n.i | S54: n.i | T54: n.i | U54: Agronomy for Sustainable Development | V54: Peer reviewed | W54: English | X54: Potato soil born disease.A review | Y54: Fiers, M., Edel-Hermann, V., Chatot, C., Le Hingrat, Y., Alabouvette, C., Steinberg, C. | Z54: 2012 | AA54: Abstract Potato crop is the fourth main food crop in the world and it will certainly feed a big part of the global population in the next years. The economical outlets for this crop are great; however, numerous diseases either soil- or airborne can cause huge losses in the production. Worldwide, about 40 soil-borne diseases affect potato and cause severe damages especially on tubers, the economically most important part of the plant. The occurrence and development of soilborne diseases depend on very diverse factors affecting either the pathogen or the plant. Favorable conditions for potato diseases development are frequently the same as the conditions needed for potato growth: temperature between 10°C and 25°C, high humidity, medium pH, etc. Adapted cultural practices such as a rotation longer than 4 years, appropriate fertilization and watermanagement, an adapted delay between haulm killing and harvest, and dry and cool conditions for tuber storage are good ways to control potato diseases. Inmost cases, potato pathogens develop specific survival forms, dissemination ways and host penetration methods. The genetic variability of the pathogens implies the use of adapted diagnostic and control methods. Decision support systems developed to predict yield losses allow choosing good control methods such as the use of healthy seeds, adapted pesticides, cultural practices, and biological control agents for each potato disease. The complexity of the interactions between a pathogen and its host, influenced by biotic and abiotic factors of the environment, make the control of the diseases often very difficult. However, deep knowledge of pathosystems allows setting up integrated pest management systems allowing the production of healthy and good quality potatoes. | AD54: +++
A55: 1005 | B55: HAFL | C55: SVG | D55: F-Solanum tuberosum | E55: =IF(D55>0,VLOOKUP(D55,lists!$C$6:$D$101,2,FALSE),"") -> Potato | G55: MC | H55: n.i | I55: Worldwide | K55: unknown | M55: Pythium ultimum | N55: =IF(M55>0,VLOOKUP(M55,lists!$Q$6:$R$161,2,FALSE),"") -> 0 | O55: n.i | P55: hostplant suitability unknown | Q55: n.i | R55: n.i | S55: n.i | T55: n.i | U55: Agronomy for Sustainable Development | V55: Peer reviewed | W55: English | X55: Potato soil born disease.A review | Y55: Fiers, M., Edel-Hermann, V., Chatot, C., Le Hingrat, Y., Alabouvette, C., Steinberg, C. | Z55: 2012 | AA55: Abstract Potato crop is the fourth main food crop in the world and it will certainly feed a big part of the global population in the next years. The economical outlets for this crop are great; however, numerous diseases either soil- or airborne can cause huge losses in the production. Worldwide, about 40 soil-borne diseases affect potato and cause severe damages especially on tubers, the economically most important part of the plant. The occurrence and development of soilborne diseases depend on very diverse factors affecting either the pathogen or the plant. Favorable conditions for potato diseases development are frequently the same as the conditions needed for potato growth: temperature between 10°C and 25°C, high humidity, medium pH, etc. Adapted cultural practices such as a rotation longer than 4 years, appropriate fertilization and watermanagement, an adapted delay between haulm killing and harvest, and dry and cool conditions for tuber storage are good ways to control potato diseases. Inmost cases, potato pathogens develop specific survival forms, dissemination ways and host penetration methods. The genetic variability of the pathogens implies the use of adapted diagnostic and control methods. Decision support systems developed to predict yield losses allow choosing good control methods such as the use of healthy seeds, adapted pesticides, cultural practices, and biological control agents for each potato disease. The complexity of the interactions between a pathogen and its host, influenced by biotic and abiotic factors of the environment, make the control of the diseases often very difficult. However, deep knowledge of pathosystems allows setting up integrated pest management systems allowing the production of healthy and good quality potatoes. | AD55: +++
A56: 1005 | B56: HAFL | C56: SVG | D56: F-Solanum tuberosum | E56: =IF(D56>0,VLOOKUP(D56,lists!$C$6:$D$101,2,FALSE),"") -> Potato | G56: MC | H56: n.i | I56: Worldwide | K56: unknown | M56: Rhizoctonia solani | N56: =IF(M56>0,VLOOKUP(M56,lists!$Q$6:$R$161,2,FALSE),"") -> Thanatephorus cucumeris | O56: n.i | P56: hostplant suitability unknown | Q56: n.i | R56: n.i | S56: n.i | T56: n.i | U56: Agronomy for Sustainable Development | V56: Peer reviewed | W56: English | X56: Potato soil born disease.A review | Y56: Fiers, M., Edel-Hermann, V., Chatot, C., Le Hingrat, Y., Alabouvette, C., Steinberg, C. | Z56: 2012 | AA56: Abstract Potato crop is the fourth main food crop in the world and it will certainly feed a big part of the global population in the next years. The economical outlets for this crop are great; however, numerous diseases either soil- or airborne can cause huge losses in the production. Worldwide, about 40 soil-borne diseases affect potato and cause severe damages especially on tubers, the economically most important part of the plant. The occurrence and development of soilborne diseases depend on very diverse factors affecting either the pathogen or the plant. Favorable conditions for potato diseases development are frequently the same as the conditions needed for potato growth: temperature between 10°C and 25°C, high humidity, medium pH, etc. Adapted cultural practices such as a rotation longer than 4 years, appropriate fertilization and watermanagement, an adapted delay between haulm killing and harvest, and dry and cool conditions for tuber storage are good ways to control potato diseases. Inmost cases, potato pathogens develop specific survival forms, dissemination ways and host penetration methods. The genetic variability of the pathogens implies the use of adapted diagnostic and control methods. Decision support systems developed to predict yield losses allow choosing good control methods such as the use of healthy seeds, adapted pesticides, cultural practices, and biological control agents for each potato disease. The complexity of the interactions between a pathogen and its host, influenced by biotic and abiotic factors of the environment, make the control of the diseases often very difficult. However, deep knowledge of pathosystems allows setting up integrated pest management systems allowing the production of healthy and good quality potatoes. | AD56: +++
A57: 1005 | B57: HAFL | C57: SVG | D57: F-Solanum tuberosum | E57: =IF(D57>0,VLOOKUP(D57,lists!$C$6:$D$101,2,FALSE),"") -> Potato | G57: MC | H57: n.i | I57: n.i | K57: unknown | M57: Sclerotinia sclerotiorum | N57: =IF(M57>0,VLOOKUP(M57,lists!$Q$6:$R$161,2,FALSE),"") -> 0 | O57: n.i | P57: hostplant suitability unknown | Q57: n.i | R57: n.i | S57: n.i | T57: n.i | U57: Agronomy for Sustainable Development | V57: Peer reviewed | W57: English | X57: Potato soil born disease.A review | Y57: Fiers, M., Edel-Hermann, V., Chatot, C., Le Hingrat, Y., Alabouvette, C., Steinberg, C. | Z57: 2012 | AA57: Abstract Potato crop is the fourth main food crop in the world and it will certainly feed a big part of the global population in the next years. The economical outlets for this crop are great; however, numerous diseases either soil- or airborne can cause huge losses in the production. Worldwide, about 40 soil-borne diseases affect potato and cause severe damages especially on tubers, the economically most important part of the plant. The occurrence and development of soilborne diseases depend on very diverse factors affecting either the pathogen or the plant. Favorable conditions for potato diseases development are frequently the same as the conditions needed for potato growth: temperature between 10°C and 25°C, high humidity, medium pH, etc. Adapted cultural practices such as a rotation longer than 4 years, appropriate fertilization and watermanagement, an adapted delay between haulm killing and harvest, and dry and cool conditions for tuber storage are good ways to control potato diseases. Inmost cases, potato pathogens develop specific survival forms, dissemination ways and host penetration methods. The genetic variability of the pathogens implies the use of adapted diagnostic and control methods. Decision support systems developed to predict yield losses allow choosing good control methods such as the use of healthy seeds, adapted pesticides, cultural practices, and biological control agents for each potato disease. The complexity of the interactions between a pathogen and its host, influenced by biotic and abiotic factors of the environment, make the control of the diseases often very difficult. However, deep knowledge of pathosystems allows setting up integrated pest management systems allowing the production of healthy and good quality potatoes. | AD57: +++
A58: 1005 | B58: HAFL | C58: SVG | D58: F-Solanum tuberosum | E58: =IF(D58>0,VLOOKUP(D58,lists!$C$6:$D$101,2,FALSE),"") -> Potato | G58: MC | H58: n.i | I58: Worldwide | K58: unknown | M58: Spongospora subterranea f. sp. subterranea | N58: =IF(M58>0,VLOOKUP(M58,lists!$Q$6:$R$161,2,FALSE),"") -> 0 | O58: n.i | P58: hostplant suitability unknown | Q58: n.i | R58: n.i | S58: n.i | T58: n.i | U58: Agronomy for Sustainable Development | V58: Peer reviewed | W58: English | X58: Potato soil born disease.A review | Y58: Fiers, M., Edel-Hermann, V., Chatot, C., Le Hingrat, Y., Alabouvette, C., Steinberg, C. | Z58: 2012 | AA58: Abstract Potato crop is the fourth main food crop in the world and it will certainly feed a big part of the global population in the next years. The economical outlets for this crop are great; however, numerous diseases either soil- or airborne can cause huge losses in the production. Worldwide, about 40 soil-borne diseases affect potato and cause severe damages especially on tubers, the economically most important part of the plant. The occurrence and development of soilborne diseases depend on very diverse factors affecting either the pathogen or the plant. Favorable conditions for potato diseases development are frequently the same as the conditions needed for potato growth: temperature between 10°C and 25°C, high humidity, medium pH, etc. Adapted cultural practices such as a rotation longer than 4 years, appropriate fertilization and watermanagement, an adapted delay between haulm killing and harvest, and dry and cool conditions for tuber storage are good ways to control potato diseases. Inmost cases, potato pathogens develop specific survival forms, dissemination ways and host penetration methods. The genetic variability of the pathogens implies the use of adapted diagnostic and control methods. Decision support systems developed to predict yield losses allow choosing good control methods such as the use of healthy seeds, adapted pesticides, cultural practices, and biological control agents for each potato disease. The complexity of the interactions between a pathogen and its host, influenced by biotic and abiotic factors of the environment, make the control of the diseases often very difficult. However, deep knowledge of pathosystems allows setting up integrated pest management systems allowing the production of healthy and good quality potatoes. | AD58: +++
A59: 1005 | B59: HAFL | C59: SVG | D59: F-Solanum tuberosum | E59: =IF(D59>0,VLOOKUP(D59,lists!$C$6:$D$101,2,FALSE),"") -> Potato | G59: MC | H59: n.i | I59: Worldwide | K59: unknown | M59: Sclerotium rolfsii | N59: =IF(M59>0,VLOOKUP(M59,lists!$Q$6:$R$161,2,FALSE),"") -> Athelia rolfsii | O59: n.i | P59: hostplant suitability unknown | Q59: n.i | R59: n.i | S59: n.i | T59: n.i | U59: Agronomy for Sustainable Development | V59: Peer reviewed | W59: English | X59: Potato soil born disease.A review | Y59: Fiers, M., Edel-Hermann, V., Chatot, C., Le Hingrat, Y., Alabouvette, C., Steinberg, C. | Z59: 2012 | AA59: Abstract Potato crop is the fourth main food crop in the world and it will certainly feed a big part of the global population in the next years. The economical outlets for this crop are great; however, numerous diseases either soil- or airborne can cause huge losses in the production. Worldwide, about 40 soil-borne diseases affect potato and cause severe damages especially on tubers, the economically most important part of the plant. The occurrence and development of soilborne diseases depend on very diverse factors affecting either the pathogen or the plant. Favorable conditions for potato diseases development are frequently the same as the conditions needed for potato growth: temperature between 10°C and 25°C, high humidity, medium pH, etc. Adapted cultural practices such as a rotation longer than 4 years, appropriate fertilization and watermanagement, an adapted delay between haulm killing and harvest, and dry and cool conditions for tuber storage are good ways to control potato diseases. Inmost cases, potato pathogens develop specific survival forms, dissemination ways and host penetration methods. The genetic variability of the pathogens implies the use of adapted diagnostic and control methods. Decision support systems developed to predict yield losses allow choosing good control methods such as the use of healthy seeds, adapted pesticides, cultural practices, and biological control agents for each potato disease. The complexity of the interactions between a pathogen and its host, influenced by biotic and abiotic factors of the environment, make the control of the diseases often very difficult. However, deep knowledge of pathosystems allows setting up integrated pest management systems allowing the production of healthy and good quality potatoes. | AD59: +++
A60: 1005 | B60: HAFL | C60: SVG | D60: F-Solanum tuberosum | E60: =IF(D60>0,VLOOKUP(D60,lists!$C$6:$D$101,2,FALSE),"") -> Potato | G60: MC | H60: n.i | I60: Worldwide | K60: unknown | M60: Synchytrium endobioticum | N60: =IF(M60>0,VLOOKUP(M60,lists!$Q$6:$R$161,2,FALSE),"") -> 0 | O60: n.i | P60: hostplant suitability unknown | Q60: n.i | R60: n.i | S60: n.i | T60: n.i | U60: Agronomy for Sustainable Development | V60: Peer reviewed | W60: English | X60: Potato soil born disease.A review | Y60: Fiers, M., Edel-Hermann, V., Chatot, C., Le Hingrat, Y., Alabouvette, C., Steinberg, C. | Z60: 2012 | AA60: Abstract Potato crop is the fourth main food crop in the world and it will certainly feed a big part of the global population in the next years. The economical outlets for this crop are great; however, numerous diseases either soil- or airborne can cause huge losses in the production. Worldwide, about 40 soil-borne diseases affect potato and cause severe damages especially on tubers, the economically most important part of the plant. The occurrence and development of soilborne diseases depend on very diverse factors affecting either the pathogen or the plant. Favorable conditions for potato diseases development are frequently the same as the conditions needed for potato growth: temperature between 10°C and 25°C, high humidity, medium pH, etc. Adapted cultural practices such as a rotation longer than 4 years, appropriate fertilization and watermanagement, an adapted delay between haulm killing and harvest, and dry and cool conditions for tuber storage are good ways to control potato diseases. Inmost cases, potato pathogens develop specific survival forms, dissemination ways and host penetration methods. The genetic variability of the pathogens implies the use of adapted diagnostic and control methods. Decision support systems developed to predict yield losses allow choosing good control methods such as the use of healthy seeds, adapted pesticides, cultural practices, and biological control agents for each potato disease. The complexity of the interactions between a pathogen and its host, influenced by biotic and abiotic factors of the environment, make the control of the diseases often very difficult. However, deep knowledge of pathosystems allows setting up integrated pest management systems allowing the production of healthy and good quality potatoes. | AD60: +++
A61: 1005 | B61: HAFL | C61: SVG | D61: F-Solanum tuberosum | E61: =IF(D61>0,VLOOKUP(D61,lists!$C$6:$D$101,2,FALSE),"") -> Potato | G61: MC | H61: n.i | I61: Worldwide | K61: unknown | M61: Verticillium dahliae | N61: =IF(M61>0,VLOOKUP(M61,lists!$Q$6:$R$161,2,FALSE),"") -> 0 | O61: n.i | P61: hostplant suitability unknown | Q61: n.i | R61: n.i | S61: n.i | T61: n.i | U61: Agronomy for Sustainable Development | V61: Peer reviewed | W61: English | X61: Potato soil born disease.A review | Y61: Fiers, M., Edel-Hermann, V., Chatot, C., Le Hingrat, Y., Alabouvette, C., Steinberg, C. | Z61: 2012 | AA61: Abstract Potato crop is the fourth main food crop in the world and it will certainly feed a big part of the global population in the next years. The economical outlets for this crop are great; however, numerous diseases either soil- or airborne can cause huge losses in the production. Worldwide, about 40 soil-borne diseases affect potato and cause severe damages especially on tubers, the economically most important part of the plant. The occurrence and development of soilborne diseases depend on very diverse factors affecting either the pathogen or the plant. Favorable conditions for potato diseases development are frequently the same as the conditions needed for potato growth: temperature between 10°C and 25°C, high humidity, medium pH, etc. Adapted cultural practices such as a rotation longer than 4 years, appropriate fertilization and watermanagement, an adapted delay between haulm killing and harvest, and dry and cool conditions for tuber storage are good ways to control potato diseases. Inmost cases, potato pathogens develop specific survival forms, dissemination ways and host penetration methods. The genetic variability of the pathogens implies the use of adapted diagnostic and control methods. Decision support systems developed to predict yield losses allow choosing good control methods such as the use of healthy seeds, adapted pesticides, cultural practices, and biological control agents for each potato disease. The complexity of the interactions between a pathogen and its host, influenced by biotic and abiotic factors of the environment, make the control of the diseases often very difficult. However, deep knowledge of pathosystems allows setting up integrated pest management systems allowing the production of healthy and good quality potatoes. | AD61: +++
A62: 1006 | B62: HAFL | C62: SVG | D62: F-Zea mais | E62: =IF(D62>0,VLOOKUP(D62,lists!$C$6:$D$101,2,FALSE),"") -> Maize (corn) | G62: n.i | H62: n.i | K62: unknown | M62: Rhizoctonia solani AG-1-IA | N62: =IF(M62>0,VLOOKUP(M62,lists!$Q$6:$R$161,2,FALSE),"") -> 0 | O62: n.i | P62: host | Q62: n.i | R62: n.i | S62: n.i | T62: n.i | U62: Plant Pathology | V62: Book | W62: English | X62: Plant Pathology, ISBN: 978-953-51-0489-6,General Description of Rhizoctonia Species Complex | Y62: Genhua Yang and Chengyun Li | Z62: 2012 | AB62: review on 13 anastomosis groups (AG) of R. solani and their host plants and disease symptoms | AC62: R. solani (AG 1-lA | AD62: ++
A63: 1006 | B63: HAFL | C63: SVG | D63: F-Oryza sativa | E63: =IF(D63>0,VLOOKUP(D63,lists!$C$6:$D$101,2,FALSE),"") -> Rice | G63: n.i | H63: n.i | K63: unknown | M63: Rhizoctonia solani AG-1-IA | N63: =IF(M63>0,VLOOKUP(M63,lists!$Q$6:$R$161,2,FALSE),"") -> 0 | O63: n.i | P63: host | Q63: n.i | R63: n.i | S63: n.i | T63: n.i | U63: Plant Pathology | V63: Book | W63: English | X63: Plant Pathology, ISBN: 978-953-51-0489-6,General Description of Rhizoctonia Species Complex | Y63: Genhua Yang and Chengyun Li | Z63: 2012 | AB63: review on 13 anastomosis groups (AG) of R. solani and their host plants and disease symptoms | AC63: R. solani AG 1-lA | AD63: ++
A64: 1006 | B64: HAFL | C64: SVG | D64: F-Hordeum vulgare | E64: =IF(D64>0,VLOOKUP(D64,lists!$C$6:$D$101,2,FALSE),"") -> Barley | G64: n.i | H64: n.i | K64: unknown | M64: Rhizoctonia solani AG-1-IA | N64: =IF(M64>0,VLOOKUP(M64,lists!$Q$6:$R$161,2,FALSE),"") -> 0 | O64: n.i | P64: host | Q64: n.i | R64: n.i | S64: n.i | T64: n.i | U64: Plant Pathology | V64: Book | W64: English | X64: Plant Pathology, ISBN: 978-953-51-0489-6,General Description of Rhizoctonia Species Complex | Y64: Genhua Yang and Chengyun Li | Z64: 2012 | AB64: review on 13 anastomosis groups (AG) of R. solani and their host plants and disease symptoms | AC64: R. solani AG 1-lA | AD64: ++
A65: 1006 | B65: HAFL | C65: SVG | D65: F-Solanum tuberosum | E65: =IF(D65>0,VLOOKUP(D65,lists!$C$6:$D$101,2,FALSE),"") -> Potato | G65: n.i | H65: n.i | K65: unknown | M65: Rhizoctonia solani AG-1-IA | N65: =IF(M65>0,VLOOKUP(M65,lists!$Q$6:$R$161,2,FALSE),"") -> 0 | O65: n.i | P65: host | Q65: n.i | R65: n.i | S65: n.i | T65: n.i | U65: Plant Pathology | V65: Book | W65: English | X65: Plant Pathology, ISBN: 978-953-51-0489-6,General Description of Rhizoctonia Species Complex | Y65: Genhua Yang and Chengyun Li | Z65: 2012 | AB65: review on 13 anastomosis groups (AG) of R. solani and their host plants and disease symptoms | AC65: R. solani AG 1-lA | AD65: ++
A66: 1006 | B66: HAFL | C66: SVG | D66: G-Sorghum spp. | E66: =IF(D66>0,VLOOKUP(D66,lists!$C$6:$D$101,2,FALSE),"") -> Sorghum, Sudangrass | G66: n.i | H66: n.i | K66: unknown | M66: Rhizoctonia solani AG-1-IA | N66: =IF(M66>0,VLOOKUP(M66,lists!$Q$6:$R$161,2,FALSE),"") -> 0 | O66: n.i | P66: host | Q66: n.i | R66: n.i | S66: n.i | T66: n.i | U66: Plant Pathology | V66: Book | W66: English | X66: Plant Pathology, ISBN: 978-953-51-0489-6,General Description of Rhizoctonia Species Complex | Y66: Genhua Yang and Chengyun Li | Z66: 2012 | AB66: review on 13 anastomosis groups (AG) of R. solani and their host plants and disease symptoms | AC66: R. solani AG 1-lA | AD66: ++
A67: 1006 | B67: HAFL | C67: SVG | D67: G-Lolium perenne | E67: =IF(D67>0,VLOOKUP(D67,lists!$C$6:$D$101,2,FALSE),"") -> Perennial ryegrass | G67: n.i | H67: n.i | K67: unknown | M67: Rhizoctonia solani AG-1-IA | N67: =IF(M67>0,VLOOKUP(M67,lists!$Q$6:$R$161,2,FALSE),"") -> 0 | O67: n.i | P67: host | Q67: n.i | R67: n.i | S67: n.i | T67: n.i | U67: Plant Pathology | V67: Book | W67: English | X67: Plant Pathology, ISBN: 978-953-51-0489-6,General Description of Rhizoctonia Species Complex | Y67: Genhua Yang and Chengyun Li | Z67: 2012 | AB67: review on 13 anastomosis groups (AG) of R. solani and their host plants and disease symptoms | AC67: R. solani AG 1-lA | AD67: ++
A68: 1006 | B68: HAFL | C68: SVG | D68: F-Glycine max | E68: =IF(D68>0,VLOOKUP(D68,lists!$C$6:$D$101,2,FALSE),"") -> Soybean | G68: n.i | H68: n.i | K68: unknown | M68: Rhizoctonia solani AG-1-IA | N68: =IF(M68>0,VLOOKUP(M68,lists!$Q$6:$R$161,2,FALSE),"") -> 0 | O68: n.i | P68: host | Q68: n.i | R68: n.i | S68: n.i | T68: n.i | U68: Plant Pathology | V68: Book | W68: English | X68: Plant Pathology, ISBN: 978-953-51-0489-6,General Description of Rhizoctonia Species Complex | Y68: Genhua Yang and Chengyun Li | Z68: 2012 | AB68: review on 13 anastomosis groups (AG) of R. solani and their host plants and disease symptoms | AC68: R. solani AG 1-lA | AD68: ++
A69: 1006 | B69: HAFL | C69: SVG | D69: F-Zea mais | E69: =IF(D69>0,VLOOKUP(D69,lists!$C$6:$D$101,2,FALSE),"") -> Maize (corn) | G69: n.i | H69: n.i | K69: unknown | M69: Rhizoctonia solani AG-1-IB | N69: =IF(M69>0,VLOOKUP(M69,lists!$Q$6:$R$161,2,FALSE),"") -> 0 | O69: n.i | P69: host | Q69: n.i | R69: n.i | S69: n.i | T69: n.i | U69: Plant Pathology | V69: Book | W69: English | X69: Plant Pathology, ISBN: 978-953-51-0489-6,General Description of Rhizoctonia Species Complex | Y69: Genhua Yang and Chengyun Li | Z69: 2012 | AB69: review on 13 anastomosis groups (AG) of R. solani and their host plants and disease symptoms | AC69: R. solani AG 1-lB | AD69: ++
A70: 1006 | B70: HAFL | C70: SVG | D70: F-Beta vulgaris | E70: =IF(D70>0,VLOOKUP(D70,lists!$C$6:$D$101,2,FALSE),"") -> Beets (sugar, fodder) | G70: n.i | H70: n.i | K70: unknown | M70: Rhizoctonia solani AG-1-IB | N70: =IF(M70>0,VLOOKUP(M70,lists!$Q$6:$R$161,2,FALSE),"") -> 0 | O70: n.i | P70: host | Q70: n.i | R70: n.i | S70: n.i | T70: n.i | U70: Plant Pathology | V70: Book | W70: English | X70: Plant Pathology, ISBN: 978-953-51-0489-6,General Description of Rhizoctonia Species Complex | Y70: Genhua Yang and Chengyun Li | Z70: 2012 | AB70: review on 13 anastomosis groups (AG) of R. solani and their host plants and disease symptoms | AC70: R. solani AG 1-lB | AD70: ++
A71: 1006 | B71: HAFL | C71: SVG | D71: F-Glycine max | E71: =IF(D71>0,VLOOKUP(D71,lists!$C$6:$D$101,2,FALSE),"") -> Soybean | G71: n.i | H71: n.i | K71: unknown | M71: Rhizoctonia solani AG-1-IB | N71: =IF(M71>0,VLOOKUP(M71,lists!$Q$6:$R$161,2,FALSE),"") -> 0 | O71: n.i | P71: host | Q71: n.i | R71: n.i | S71: n.i | T71: n.i | U71: Plant Pathology | V71: Book | W71: English | X71: Plant Pathology, ISBN: 978-953-51-0489-6,General Description of Rhizoctonia Species Complex | Y71: Genhua Yang and Chengyun Li | Z71: 2012 | AB71: review on 13 anastomosis groups (AG) of R. solani and their host plants and disease symptoms | AC71: R. solani AG 1-lB | AD71: ++
A72: 1006 | B72: HAFL | C72: SVG | D72: G-Raphanus sativus | E72: =IF(D72>0,VLOOKUP(D72,lists!$C$6:$D$101,2,FALSE),"") -> Radish | G72: n.i | H72: n.i | K72: unknown | M72: Rhizoctonia solani AG-1-IC | N72: =IF(M72>0,VLOOKUP(M72,lists!$Q$6:$R$161,2,FALSE),"") -> 0 | O72: n.i | P72: host | Q72: n.i | R72: n.i | S72: n.i | T72: n.i | U72: Plant Pathology | V72: Book | W72: English | X72: Plant Pathology, ISBN: 978-953-51-0489-6,General Description of Rhizoctonia Species Complex | Y72: Genhua Yang and Chengyun Li | Z72: 2012 | AB72: review on 13 anastomosis groups (AG) of R. solani and their host plants and disease symptoms | AC72: R. solani AG 1-lC | AD72: ++
A73: 1006 | B73: HAFL | C73: SVG | D73: F-Glycine max | E73: =IF(D73>0,VLOOKUP(D73,lists!$C$6:$D$101,2,FALSE),"") -> Soybean | G73: n.i | H73: n.i | K73: unknown | M73: Rhizoctonia solani AG-1-IC | N73: =IF(M73>0,VLOOKUP(M73,lists!$Q$6:$R$161,2,FALSE),"") -> 0 | O73: n.i | P73: host | Q73: n.i | R73: n.i | S73: n.i | T73: n.i | U73: Plant Pathology | V73: Book | W73: English | X73: Plant Pathology, ISBN: 978-953-51-0489-6,General Description of Rhizoctonia Species Complex | Y73: Genhua Yang and Chengyun Li | Z73: 2012 | AB73: review on 13 anastomosis groups (AG) of R. solani and their host plants and disease symptoms | AC73: R. solani AG 1-lC | AD73: ++
... A117: 1006 | B117: HAFL | C117: SVG | D117: F-Lupinus spp. | E117: =IF(D117>0,VLOOKUP(D117,lists!$C$6:$D$101,2,FALSE),"") -> Lupins | G117: n.i | H117: n.i | K117: unknown | M117: Rhizoctonia solani AG-11 | N117: =IF(M117>0,VLOOKUP(M117,lists!$Q$6:$R$161,2,FALSE),"") -> 0 | O117: n.i | P117: host | Q117: n.i | R117: n.i | S117: n.i | T117: n.i | U117: Plant Pathology | V117: Book | W117: English | X117: Plant Pathology, ISBN: 978-953-51-0489-6,General Description of Rhizoctonia Species Complex | Y117: Genhua Yang and Chengyun Li | Z117: 2012 | AB117: review on 13 anastomosis groups (AG) of R. solani and their host plants and disease symptoms | AC117: R. solani AG 11 | AD117: ++
A118: 1003 | B118: HAFL | C118: SVG | D118: F-Beta vulgaris | E118: =IF(D118>0,VLOOKUP(D118,lists!$C$6:$D$101,2,FALSE),"") -> Beets (sugar, fodder) | G118: MC | H118: n.i | K118: unknown | M118: Pythium spp. | N118: =IF(M118>0,VLOOKUP(M118,lists!$Q$6:$R$161,2,FALSE),"") -> 0 | O118: n.i | P118: host | Q118: n.i | R118: n.i | S118: n.i | T118: n.i | U118: Pflanzenschutz im nachhaltigen Ackerbau | V118: Book | W118: German | X118: Pflanzenschutz im nachhaltigen Ackerbau | Y118: Häni, F.J, Popow, G., Reinhard, H., Schwarz, A., Voegeli, U. | Z118: 2018 | AB118: overview of sugar beet diseases | AD118: ++
A119: 1003 | B119: HAFL | C119: SVG | D119: F-Beta vulgaris | E119: =IF(D119>0,VLOOKUP(D119,lists!$C$6:$D$101,2,FALSE),"") -> Beets (sugar, fodder) | G119: MC | H119: n.i | K119: unknown | M119: Rhizoctonia solani | N119: =IF(M119>0,VLOOKUP(M119,lists!$Q$6:$R$161,2,FALSE),"") -> Thanatephorus cucumeris | O119: n.i | P119: host | Q119: n.i | R119: n.i | S119: n.i | T119: n.i | U119: Pflanzenschutz im nachhaltigen Ackerbau | V119: Book | W119: German | X119: Pflanzenschutz im nachhaltigen Ackerbau | Y119: Häni, F.J, Popow, G., Reinhard, H., Schwarz, A., Voegeli, U. | Z119: 2018 | AB119: overview of sugar beet diseases | AD119: ++
A120: 1007 | B120: HAFL | C120: SVG | D120: F-Avena sativa | E120: =IF(D120>0,VLOOKUP(D120,lists!$C$6:$D$101,2,FALSE),"") -> Oat | H120: n.i | I120: West Asia | J120: Israel | K120: unknown | M120: Spongospora subterranea f. sp. subterranea | N120: =IF(M120>0,VLOOKUP(M120,lists!$Q$6:$R$161,2,FALSE),"") -> 0 | O120: n.i | P120: host | Q120: n.i | R120: n.i | S120: n.i | T120: greenhouse | U120: Presentation, Powdery scab Workshop, 2016, Switzerland | V120: Conference paper | W120: English | X120: Alternative hosts for Spongospora subterraneaunder semi-arid conditions | Y120: Tsror, L. (Dep.of Plant Pathology, Agricultural Research Organization, Gilat Research Center, Israel) | Z120: 2016 | AA120: Presentation of alternative host testing experiments of S. subterranea; naturally infected and artificially inoculated plants for detecting alternative hosts | AB120: host range testing of S. subterranea, ability of Spongospora to infect and complete life cycle in crops, ability to infect weeds in potato fields | AC120: do fungi complete their life cycles in all host plants (trap plants?), artificially inoculated plants | AD120: +
A121: 1007 | B121: HAFL | C121: SVG | D121: F-Brassica napus | E121: =IF(D121>0,VLOOKUP(D121,lists!$C$6:$D$101,2,FALSE),"") -> Rapeseed | H121: n.i | I121: West Asia | J121: Israel | K121: unknown | M121: Spongospora subterranea f. sp. subterranea | N121: =IF(M121>0,VLOOKUP(M121,lists!$Q$6:$R$161,2,FALSE),"") -> 0 | O121: n.i | P121: host | Q121: n.i | R121: n.i | S121: n.i | T121: greenhouse | U121: Presentation, Powdery scab Workshop, 2016, Switzerland | V121: Conference paper | W121: English | X121: Alternative hosts for Spongospora subterraneaunder semi-arid conditions | Y121: Tsror, L. (Dep.of Plant Pathology, Agricultural Research Organization, Gilat Research Center, Israel) | Z121: 2016 | AA121: Presentation of alternative host testing experiments of S. subterranea; naturally infected and artificially inoculated plants for detecting alternative hosts | AB121: host range testing of S. subterranea, ability of Spongospora to infect and complete life cycle in crops, ability to infect weeds in potato fields | AC121: do fungi complete their life cycles in all host plants (trap plants?), artificially inoculated plants | AD121: +
A122: 1007 | B122: HAFL | C122: SVG | D122: G-Fagopyrum esculentum | E122: =IF(D122>0,VLOOKUP(D122,lists!$C$6:$D$101,2,FALSE),"") -> Buckwheat | H122: n.i | I122: West Asia | J122: Israel | K122: unknown | M122: Spongospora subterranea f. sp. subterranea | N122: =IF(M122>0,VLOOKUP(M122,lists!$Q$6:$R$161,2,FALSE),"") -> 0 | O122: n.i | P122: host | Q122: n.i | R122: n.i | S122: n.i | T122: greenhouse | U122: Presentation, Powdery scab Workshop, 2016, Switzerland | V122: Conference paper | W122: English | X122: Alternative hosts for Spongospora subterraneaunder semi-arid conditions | Y122: Tsror, L. (Dep.of Plant Pathology, Agricultural Research Organization, Gilat Research Center, Israel) | Z122: 2016 | AA122: Presentation of alternative host testing experiments of S. subterranea; naturally infected and artificially inoculated plants for detecting alternative hosts | AB122: host range testing of S. subterranea, ability of Spongospora to infect and complete life cycle in crops, ability to infect weeds in potato fields | AC122: do fungi complete their life cycles in all host plants (trap plants?), artificially inoculated plants | AD122: +
A123: 1007 | B123: HAFL | C123: SVG | D123: G-Raphanus sativus | E123: =IF(D123>0,VLOOKUP(D123,lists!$C$6:$D$101,2,FALSE),"") -> Radish | F123: Radicula | H123: n.i | I123: West Asia | J123: Israel | K123: unknown | M123: Spongospora subterranea f. sp. subterranea | N123: =IF(M123>0,VLOOKUP(M123,lists!$Q$6:$R$161,2,FALSE),"") -> 0 | O123: n.i | P123: host | Q123: n.i | R123: n.i | S123: n.i | T123: greenhouse | U123: Presentation, Powdery scab Workshop, 2016, Switzerland | V123: Conference paper | W123: English | X123: Alternative hosts for Spongospora subterraneaunder semi-arid conditions | Y123: Tsror, L. (Dep.of Plant Pathology, Agricultural Research Organization, Gilat Research Center, Israel) | Z123: 2016 | AA123: Presentation of alternative host testing experiments of S. subterranea; naturally infected and artificially inoculated plants for detecting alternative hosts | AB123: host range testing of S. subterranea, ability of Spongospora to infect and complete life cycle in crops, ability to infect weeds in potato fields | AC123: do fungi complete their life cycles in all host plants (trap plants?), artificially inoculated plants | AD123: +
A124: 1007 | B124: HAFL | C124: SVG | D124: G-Trifolium pratense | E124: =IF(D124>0,VLOOKUP(D124,lists!$C$6:$D$101,2,FALSE),"") -> Red clover | H124: n.i | I124: West Asia | J124: Israel | K124: unknown | M124: Spongospora subterranea f. sp. subterranea | N124: =IF(M124>0,VLOOKUP(M124,lists!$Q$6:$R$161,2,FALSE),"") -> 0 | O124: n.i | P124: host | Q124: n.i | R124: n.i | S124: n.i | T124: greenhouse | U124: Presentation, Powdery scab Workshop, 2016, Switzerland | V124: Conference paper | W124: English | X124: Alternative hosts for Spongospora subterraneaunder semi-arid conditions | Y124: Tsror, L. (Dep.of Plant Pathology, Agricultural Research Organization, Gilat Research Center, Israel) | Z124: 2016 | AA124: Presentation of alternative host testing experiments of S. subterranea; naturally infected and artificially inoculated plants for detecting alternative hosts | AB124: host range testing of S. subterranea, ability of Spongospora to infect and complete life cycle in crops, ability to infect weeds in potato fields | AC124: do fungi complete their life cycles in all host plants (trap plants?), artificially inoculated plants | AD124: +
A125: 1007 | B125: HAFL | C125: SVG | D125: F-Secale cereale | E125: =IF(D125>0,VLOOKUP(D125,lists!$C$6:$D$101,2,FALSE),"") -> Rye | F125: Paeya 4 | H125: n.i | I125: West Asia | J125: Israel | K125: unknown | M125: Spongospora subterranea f. sp. subterranea | N125: =IF(M125>0,VLOOKUP(M125,lists!$Q$6:$R$161,2,FALSE),"") -> 0 | O125: n.i | P125: host | Q125: n.i | R125: n.i | S125: n.i | T125: greenhouse | U125: Presentation, Powdery scab Workshop, 2016, Switzerland | V125: Conference paper | W125: English | X125: Alternative hosts for Spongospora subterraneaunder semi-arid conditions | Y125: Tsror, L. (Dep.of Plant Pathology, Agricultural Research Organization, Gilat Research Center, Israel) | Z125: 2016 | AA125: Presentation of alternative host testing experiments of S. subterranea; naturally infected and artificially inoculated plants for detecting alternative hosts | AB125: host range testing of S. subterranea, ability of Spongospora to infect and complete life cycle in crops, ability to infect weeds in potato fields | AC125: do fungi complete their life cycles in all host plants (trap plants?), artificially inoculated plants | AD125: +
A126: 1007 | B126: HAFL | C126: SVG | D126: F-Zea mais | E126: =IF(D126>0,VLOOKUP(D126,lists!$C$6:$D$101,2,FALSE),"") -> Maize (corn) | H126: n.i | I126: West Asia | J126: Israel | K126: unknown | M126: Spongospora subterranea f. sp. subterranea | N126: =IF(M126>0,VLOOKUP(M126,lists!$Q$6:$R$161,2,FALSE),"") -> 0 | O126: n.i | P126: host | Q126: n.i | R126: n.i | S126: n.i | T126: greenhouse | U126: Presentation, Powdery scab Workshop, 2016, Switzerland | V126: Conference paper | W126: English | X126: Alternative hosts for Spongospora subterraneaunder semi-arid conditions | Y126: Tsror, L. (Dep.of Plant Pathology, Agricultural Research Organization, Gilat Research Center, Israel) | Z126: 2016 | AA126: Presentation of alternative host testing experiments of S. subterranea; naturally infected and artificially inoculated plants for detecting alternative hosts | AB126: host range testing of S. subterranea, ability of Spongospora to infect and complete life cycle in crops, ability to infect weeds in potato fields | AC126: do fungi complete their life cycles in all host plants (trap plants?), artificially inoculated plants | AD126: +
A127: 1007 | B127: HAFL | C127: SVG | D127: F-Hordeum vulgare | E127: =IF(D127>0,VLOOKUP(D127,lists!$C$6:$D$101,2,FALSE),"") -> Barley | F127: Noga | H127: n.i | I127: West Asia | J127: Israel | K127: unknown | M127: Spongospora subterranea f. sp. subterranea | N127: =IF(M127>0,VLOOKUP(M127,lists!$Q$6:$R$161,2,FALSE),"") -> 0 | O127: n.i | P127: host | Q127: n.i | R127: n.i | S127: n.i | T127: greenhouse | U127: Presentation, Powdery scab Workshop, 2016, Switzerland | V127: Conference paper | W127: English | X127: Alternative hosts for Spongospora subterraneaunder semi-arid conditions | Y127: Tsror, L. (Dep.of Plant Pathology, Agricultural Research Organization, Gilat Research Center, Israel) | Z127: 2016 | AA127: Presentation of alternative host testing experiments of S. subterranea; naturally infected and artificially inoculated plants for detecting alternative hosts | AB127: host range testing of S. subterranea, ability of Spongospora to infect and complete life cycle in crops, ability to infect weeds in potato fields | AC127: do fungi complete their life cycles in all host plants (trap plants?), artificially inoculated plants | AD127: +
A128: 1007 | B128: HAFL | C128: SVG | D128: F-Triticum aestivum | E128: =IF(D128>0,VLOOKUP(D128,lists!$C$6:$D$101,2,FALSE),"") -> Wheat | H128: n.i | I128: West Asia | J128: Israel | K128: unknown | M128: Spongospora subterranea f. sp. subterranea | N128: =IF(M128>0,VLOOKUP(M128,lists!$Q$6:$R$161,2,FALSE),"") -> 0 | O128: n.i | P128: host | Q128: n.i | R128: n.i | S128: n.i | T128: greenhouse | U128: Presentation, Powdery scab Workshop, 2016, Switzerland | V128: Conference paper | W128: English | X128: Alternative hosts for Spongospora subterraneaunder semi-arid conditions | Y128: Tsror, L. (Dep.of Plant Pathology, Agricultural Research Organization, Gilat Research Center, Israel) | Z128: 2016 | AA128: Presentation of alternative host testing experiments of S. subterranea; naturally infected and artificially inoculated plants for detecting alternative hosts | AB128: host range testing of S. subterranea, ability of Spongospora to infect and complete life cycle in crops, ability to infect weeds in potato fields | AC128: do fungi complete their life cycles in all host plants (trap plants?), artificially inoculated plants | AD128: +
A129: 1007 | B129: HAFL | C129: SVG | D129: F-Solanum tuberosum | E129: =IF(D129>0,VLOOKUP(D129,lists!$C$6:$D$101,2,FALSE),"") -> Potato | H129: n.i | I129: West Asia | J129: Israel | K129: unknown | M129: Spongospora subterranea f. sp. subterranea | N129: =IF(M129>0,VLOOKUP(M129,lists!$Q$6:$R$161,2,FALSE),"") -> 0 | O129: n.i | P129: host | Q129: n.i | R129: n.i | S129: n.i | T129: greenhouse | U129: Presentation, Powdery scab Workshop, 2016, Switzerland | V129: Conference paper | W129: English | X129: Alternative hosts for Spongospora subterraneaunder semi-arid conditions | Y129: Tsror, L. (Dep.of Plant Pathology, Agricultural Research Organization, Gilat Research Center, Israel) | Z129: 2016 | AA129: Presentation of alternative host testing experiments of S. subterranea; naturally infected and artificially inoculated plants for detecting alternative hosts | AB129: host range testing of S. subterranea, ability of Spongospora to infect and complete life cycle in crops, ability to infect weeds in potato fields | AC129: do fungi complete their life cycles in all host plants (trap plants?), artificially inoculated plants | AD129: +
A130: 1008 | B130: HAFL | C130: SVG | D130: G-Trifolium repens | E130: =IF(D130>0,VLOOKUP(D130,lists!$C$6:$D$101,2,FALSE),"") -> White clover | H130: n.i | I130: South America | J130: Columbia | K130: unknown | M130: Spongospora subterranea f. sp. subterranea | N130: =IF(M130>0,VLOOKUP(M130,lists!$Q$6:$R$161,2,FALSE),"") -> 0 | O130: n.i | P130: non host | Q130: n.i | R130: n.i | S130: n.i | T130: n.i | U130: Rev.Fac.Nal.Agr.Medellín 66(2):6987-6998. | V130: Peer reviewed | W130: English | X130: Alternate Hosts of Spongospora subterranea f. sp. Subterranea Identification in Colombia by Bioassay | Y130: Ivon Magaly Arcila Aristizabal, Elena Paola González Jaimes, Catalina María Zuluaga Amaya and José Miguel Cotes Torres | Z130: 2013 | AA130: Abstract. Potato powdery scab, caused by Spongospora subterranea f. sp. subetrranea, is a disease that limits worldwide potato crop production. Incidence of the disease has been increasing in Colombia, thereby affecting tubers production, so far effective control methods have yet to be developed. The aim of this research was to establish the host range plants for Spongospora subterranea f. sp. subterranea by artificial inoculations. Thus, 33 species were inoculated with 1×106 sporosori.mL-1 solution for 12 days. The plants were then planted in field, evaluations were performed at 15, 30, 60, 90 and 120 days after inoculation, 10 plants of each species were selected for every evaluation, the roots were stained and the pathogenic structures were identified by microscopy. Morphological examination enabled the identification of trap plants species, which presented zoosporangia only; Type I hosts, which present sporosori only; and Type II hosts, which presented both sporosori and zoosporangia. Some of these hosts belonged to the Alliaceae, Apiaceae, Brassicaceae, Poaceae, Polygonaceae and Solanaceae families, thus extending the species range that can be reported as hosts of Spongospora subterranea f. sp. subterranea in Colombia. | AB130: to establish the host range plants for Spongospora subterranea f. sp. subterranea by artificial inoculations, bioassay
A131: 1008 | B131: HAFL | C131: SVG | D131: F-Beta vulgaris | E131: =IF(D131>0,VLOOKUP(D131,lists!$C$6:$D$101,2,FALSE),"") -> Beets (sugar, fodder) | H131: n.i | I131: South America | J131: Columbia | K131: unknown | M131: Spongospora subterranea f. sp. subterranea | N131: =IF(M131>0,VLOOKUP(M131,lists!$Q$6:$R$161,2,FALSE),"") -> 0 | O131: n.i | P131: non host | Q131: n.i | R131: n.i | S131: n.i | T131: n.i | U131: Rev.Fac.Nal.Agr.Medellín 66(2):6987-6998. | V131: Peer reviewed | W131: English | X131: Alternate Hosts of Spongospora subterranea f. sp. Subterranea Identification in Colombia by Bioassay | Y131: Ivon Magaly Arcila Aristizabal, Elena Paola González Jaimes, Catalina María Zuluaga Amaya and José Miguel Cotes Torres | Z131: 2013 | AA131: Abstract. Potato powdery scab, caused by Spongospora subterranea f. sp. subetrranea, is a disease that limits worldwide potato crop production. Incidence of the disease has been increasing in Colombia, thereby affecting tubers production, so far effective control methods have yet to be developed. The aim of this research was to establish the host range plants for Spongospora subterranea f. sp. subterranea by artificial inoculations. Thus, 33 species were inoculated with 1×106 sporosori.mL-1 solution for 12 days. The plants were then planted in field, evaluations were performed at 15, 30, 60, 90 and 120 days after inoculation, 10 plants of each species were selected for every evaluation, the roots were stained and the pathogenic structures were identified by microscopy. Morphological examination enabled the identification of trap plants species, which presented zoosporangia only; Type I hosts, which present sporosori only; and Type II hosts, which presented both sporosori and zoosporangia. Some of these hosts belonged to the Alliaceae, Apiaceae, Brassicaceae, Poaceae, Polygonaceae and Solanaceae families, thus extending the species range that can be reported as hosts of Spongospora subterranea f. sp. subterranea in Colombia. | AB131: to establish the host range plants for Spongospora subterranea f. sp. subterranea by artificial inoculations, bioassay
A132: 1008 | B132: HAFL | C132: SVG | D132: V-Allium sativum | E132: =IF(D132>0,VLOOKUP(D132,lists!$C$6:$D$101,2,FALSE),"") -> Garlic | H132: n.i | I132: South America | J132: Columbia | K132: unknown | M132: Spongospora subterranea f. sp. subterranea | N132: =IF(M132>0,VLOOKUP(M132,lists!$Q$6:$R$161,2,FALSE),"") -> 0 | O132: n.i | P132: non host | Q132: n.i | R132: n.i | S132: n.i | T132: n.i | U132: Rev.Fac.Nal.Agr.Medellín 66(2):6987-6998. | V132: Peer reviewed | W132: English | X132: Alternate Hosts of Spongospora subterranea f. sp. Subterranea Identification in Colombia by Bioassay | Y132: Ivon Magaly Arcila Aristizabal, Elena Paola González Jaimes, Catalina María Zuluaga Amaya and José Miguel Cotes Torres | Z132: 2013 | AA132: Abstract. Potato powdery scab, caused by Spongospora subterranea f. sp. subetrranea, is a disease that limits worldwide potato crop production. Incidence of the disease has been increasing in Colombia, thereby affecting tubers production, so far effective control methods have yet to be developed. The aim of this research was to establish the host range plants for Spongospora subterranea f. sp. subterranea by artificial inoculations. Thus, 33 species were inoculated with 1×106 sporosori.mL-1 solution for 12 days. The plants were then planted in field, evaluations were performed at 15, 30, 60, 90 and 120 days after inoculation, 10 plants of each species were selected for every evaluation, the roots were stained and the pathogenic structures were identified by microscopy. Morphological examination enabled the identification of trap plants species, which presented zoosporangia only; Type I hosts, which present sporosori only; and Type II hosts, which presented both sporosori and zoosporangia. Some of these hosts belonged to the Alliaceae, Apiaceae, Brassicaceae, Poaceae, Polygonaceae and Solanaceae families, thus extending the species range that can be reported as hosts of Spongospora subterranea f. sp. subterranea in Colombia. | AB132: to establish the host range plants for Spongospora subterranea f. sp. subterranea by artificial inoculations, bioassay
A133: 1008 | B133: HAFL | C133: SVG | D133: F-Brassica napus | E133: =IF(D133>0,VLOOKUP(D133,lists!$C$6:$D$101,2,FALSE),"") -> Rapeseed | H133: n.i | I133: South America | J133: Columbia | K133: unknown | M133: Spongospora subterranea f. sp. subterranea | N133: =IF(M133>0,VLOOKUP(M133,lists!$Q$6:$R$161,2,FALSE),"") -> 0 | O133: n.i | P133: non host | Q133: n.i | R133: n.i | S133: n.i | T133: n.i | U133: Rev.Fac.Nal.Agr.Medellín 66(2):6987-6998. | V133: Peer reviewed | W133: English | X133: Alternate Hosts of Spongospora subterranea f. sp. Subterranea Identification in Colombia by Bioassay | Y133: Ivon Magaly Arcila Aristizabal, Elena Paola González Jaimes, Catalina María Zuluaga Amaya and José Miguel Cotes Torres | Z133: 2013 | AA133: Abstract. Potato powdery scab, caused by Spongospora subterranea f. sp. subetrranea, is a disease that limits worldwide potato crop production. Incidence of the disease has been increasing in Colombia, thereby affecting tubers production, so far effective control methods have yet to be developed. The aim of this research was to establish the host range plants for Spongospora subterranea f. sp. subterranea by artificial inoculations. Thus, 33 species were inoculated with 1×106 sporosori.mL-1 solution for 12 days. The plants were then planted in field, evaluations were performed at 15, 30, 60, 90 and 120 days after inoculation, 10 plants of each species were selected for every evaluation, the roots were stained and the pathogenic structures were identified by microscopy. Morphological examination enabled the identification of trap plants species, which presented zoosporangia only; Type I hosts, which present sporosori only; and Type II hosts, which presented both sporosori and zoosporangia. Some of these hosts belonged to the Alliaceae, Apiaceae, Brassicaceae, Poaceae, Polygonaceae and Solanaceae families, thus extending the species range that can be reported as hosts of Spongospora subterranea f. sp. subterranea in Colombia. | AB133: to establish the host range plants for Spongospora subterranea f. sp. subterranea by artificial inoculations, bioassay
A134: 1008 | B134: HAFL | C134: SVG | D134: F-Zea mais | E134: =IF(D134>0,VLOOKUP(D134,lists!$C$6:$D$101,2,FALSE),"") -> Maize (corn) | H134: n.i | I134: South America | J134: Columbia | K134: unknown | M134: Spongospora subterranea f. sp. subterranea | N134: =IF(M134>0,VLOOKUP(M134,lists!$Q$6:$R$161,2,FALSE),"") -> 0 | O134: n.i | P134: good host | Q134: n.i | R134: n.i | S134: n.i | T134: n.i | U134: Rev.Fac.Nal.Agr.Medellín 66(2):6987-6998. | V134: Peer reviewed | W134: English | X134: Alternate Hosts of Spongospora subterranea f. sp. Subterranea Identification in Colombia by Bioassay | Y134: Ivon Magaly Arcila Aristizabal, Elena Paola González Jaimes, Catalina María Zuluaga Amaya and José Miguel Cotes Torres | Z134: 2013 | AA134: Abstract. Potato powdery scab, caused by Spongospora subterranea f. sp. subetrranea, is a disease that limits worldwide potato crop production. Incidence of the disease has been increasing in Colombia, thereby affecting tubers production, so far effective control methods have yet to be developed. The aim of this research was to establish the host range plants for Spongospora subterranea f. sp. subterranea by artificial inoculations. Thus, 33 species were inoculated with 1×106 sporosori.mL-1 solution for 12 days. The plants were then planted in field, evaluations were performed at 15, 30, 60, 90 and 120 days after inoculation, 10 plants of each species were selected for every evaluation, the roots were stained and the pathogenic structures were identified by microscopy. Morphological examination enabled the identification of trap plants species, which presented zoosporangia only; Type I hosts, which present sporosori only; and Type II hosts, which presented both sporosori and zoosporangia. Some of these hosts belonged to the Alliaceae, Apiaceae, Brassicaceae, Poaceae, Polygonaceae and Solanaceae families, thus extending the species range that can be reported as hosts of Spongospora subterranea f. sp. subterranea in Colombia. | AB134: to establish the host range plants for Spongospora subterranea f. sp. subterranea by artificial inoculations, bioassay
A135: 1008 | B135: HAFL | C135: SVG | D135: V-Allium spp. | E135: =IF(D135>0,VLOOKUP(D135,lists!$C$6:$D$101,2,FALSE),"") -> Onion | H135: n.i | I135: South America | J135: Columbia | K135: unknown | M135: Spongospora subterranea f. sp. subterranea | N135: =IF(M135>0,VLOOKUP(M135,lists!$Q$6:$R$161,2,FALSE),"") -> 0 | O135: n.i | P135: good host | Q135: n.i | R135: n.i | S135: n.i | T135: n.i | U135: Rev.Fac.Nal.Agr.Medellín 66(2):6987-6998. | V135: Peer reviewed | W135: English | X135: Alternate Hosts of Spongospora subterranea f. sp. Subterranea Identification in Colombia by Bioassay | Y135: Ivon Magaly Arcila Aristizabal, Elena Paola González Jaimes, Catalina María Zuluaga Amaya and José Miguel Cotes Torres | Z135: 2013 | AA135: Abstract. Potato powdery scab, caused by Spongospora subterranea f. sp. subetrranea, is a disease that limits worldwide potato crop production. Incidence of the disease has been increasing in Colombia, thereby affecting tubers production, so far effective control methods have yet to be developed. The aim of this research was to establish the host range plants for Spongospora subterranea f. sp. subterranea by artificial inoculations. Thus, 33 species were inoculated with 1×106 sporosori.mL-1 solution for 12 days. The plants were then planted in field, evaluations were performed at 15, 30, 60, 90 and 120 days after inoculation, 10 plants of each species were selected for every evaluation, the roots were stained and the pathogenic structures were identified by microscopy. Morphological examination enabled the identification of trap plants species, which presented zoosporangia only; Type I hosts, which present sporosori only; and Type II hosts, which presented both sporosori and zoosporangia. Some of these hosts belonged to the Alliaceae, Apiaceae, Brassicaceae, Poaceae, Polygonaceae and Solanaceae families, thus extending the species range that can be reported as hosts of Spongospora subterranea f. sp. subterranea in Colombia. | AB135: to establish the host range plants for Spongospora subterranea f. sp. subterranea by artificial inoculations, bioassay
A136: 1008 | B136: HAFL | C136: SVG | D136: G-Raphanus sativus | E136: =IF(D136>0,VLOOKUP(D136,lists!$C$6:$D$101,2,FALSE),"") -> Radish | H136: n.i | I136: South America | J136: Columbia | K136: unknown | M136: Spongospora subterranea f. sp. subterranea | N136: =IF(M136>0,VLOOKUP(M136,lists!$Q$6:$R$161,2,FALSE),"") -> 0 | O136: n.i | P136: good host | Q136: n.i | R136: n.i | S136: n.i | T136: n.i | U136: Rev.Fac.Nal.Agr.Medellín 66(2):6987-6998. | V136: Peer reviewed | W136: English | X136: Alternate Hosts of Spongospora subterranea f. sp. Subterranea Identification in Colombia by Bioassay | Y136: Ivon Magaly Arcila Aristizabal, Elena Paola González Jaimes, Catalina María Zuluaga Amaya and José Miguel Cotes Torres | Z136: 2013 | AA136: Abstract. Potato powdery scab, caused by Spongospora subterranea f. sp. subetrranea, is a disease that limits worldwide potato crop production. Incidence of the disease has been increasing in Colombia, thereby affecting tubers production, so far effective control methods have yet to be developed. The aim of this research was to establish the host range plants for Spongospora subterranea f. sp. subterranea by artificial inoculations. Thus, 33 species were inoculated with 1×106 sporosori.mL-1 solution for 12 days. The plants were then planted in field, evaluations were performed at 15, 30, 60, 90 and 120 days after inoculation, 10 plants of each species were selected for every evaluation, the roots were stained and the pathogenic structures were identified by microscopy. Morphological examination enabled the identification of trap plants species, which presented zoosporangia only; Type I hosts, which present sporosori only; and Type II hosts, which presented both sporosori and zoosporangia. Some of these hosts belonged to the Alliaceae, Apiaceae, Brassicaceae, Poaceae, Polygonaceae and Solanaceae families, thus extending the species range that can be reported as hosts of Spongospora subterranea f. sp. subterranea in Colombia. | AB136: to establish the host range plants for Spongospora subterranea f. sp. subterranea by artificial inoculations, bioassay
A137: 1008 | B137: HAFL | C137: SVG | D137: V-Pisum spp. | E137: =IF(D137>0,VLOOKUP(D137,lists!$C$6:$D$101,2,FALSE),"") -> Peas | H137: n.i | I137: South America | J137: Columbia | K137: unknown | M137: Spongospora subterranea f. sp. subterranea | N137: =IF(M137>0,VLOOKUP(M137,lists!$Q$6:$R$161,2,FALSE),"") -> 0 | P137: good host | Q137: n.i | R137: n.i | S137: n.i | U137: Rev.Fac.Nal.Agr.Medellín 66(2):6987-6998. | W137: English | X137: Alternate Hosts of Spongospora subterranea f. sp. Subterranea Identification in Colombia by Bioassay | Y137: Ivon Magaly Arcila Aristizabal, Elena Paola González Jaimes, Catalina María Zuluaga Amaya and José Miguel Cotes Torres | Z137: 2013 | AA137: Abstract. Potato powdery scab, caused by Spongospora subterranea f. sp. subetrranea, is a disease that limits worldwide potato crop production. Incidence of the disease has been increasing in Colombia, thereby affecting tubers production, so far effective control methods have yet to be developed. The aim of this research was to establish the host range plants for Spongospora subterranea f. sp. subterranea by artificial inoculations. Thus, 33 species were inoculated with 1×106 sporosori.mL-1 solution for 12 days. The plants were then planted in field, evaluations were performed at 15, 30, 60, 90 and 120 days after inoculation, 10 plants of each species were selected for every evaluation, the roots were stained and the pathogenic structures were identified by microscopy. Morphological examination enabled the identification of trap plants species, which presented zoosporangia only; Type I hosts, which present sporosori only; and Type II hosts, which presented both sporosori and zoosporangia. Some of these hosts belonged to the Alliaceae, Apiaceae, Brassicaceae, Poaceae, Polygonaceae and Solanaceae families, thus extending the species range that can be reported as hosts of Spongospora subterranea f. sp. subterranea in Colombia. | AB137: to establish the host range plants for Spongospora subterranea f. sp. subterranea by artificial inoculations, bioassay
A138: 1009 | B138: HAFL | C138: SVG | D138: G-Brassica spp. | E138: =IF(D138>0,VLOOKUP(D138,lists!$C$6:$D$101,2,FALSE),"") -> Fodder rape / Leafy turnip | F138: Brassica campestris L. (yellow mustard) | H138: n.i | I138: USA | J138: North Eastern States | K138: unknown | M138: Spongospora subterranea f. sp. subterranea | N138: =IF(M138>0,VLOOKUP(M138,lists!$Q$6:$R$161,2,FALSE),"") -> 0 | O138: n.i | P138: host | Q138: n.i | R138: n.i | S138: n.i | T138: greenhouse | U138: Amer J of Potato Res 83:343-347 | V138: Peer reviewed | W138: English | X138: The Host Range of Spongospora subterranea f. sp. subterranea in the United States | Y138: Xinshun Qu and Barbara J. Christ | Z138: 2006 | AA138: This study was performed to determine the host range ofSpongospora subterranea f. sp.subterranea on common crops and weeds in the northeastern United States. Seedlings of the plants were grown in nutrient solutions and inoculated with spore balls ofS. subterranea. The roots were microscopically examined for the presence of plasmodia or zoosporangia 14 days after inoculation. The plants were then transferred to a greenhouse and grown in a soilless mix. The roots were examined for the presence of symptoms and spore balls after 4 months. Of 26 species within 10 families from monocotyledons and dicotyledons tested, 16 species were found to be susceptible toS. subterranea. Twelve species were newly recorded hosts forS. subterranea. Gall symptoms were observed on the roots of six species and spore balls were found on three species. Evidence is presented for the first time that galls and spore balls ofS. subterranea might form on non-Solanaceous species. This investigation is important for the cultural management of potato powdery scab disease because there currently are no effective controls. | AB138: determine the host range of S. subterranea in the northeastern US, and determine the hosts that would allow S. subterranea to infect, but not to complete its life cycle, vs the hosts that would allow S. subterranea to complete its life cycle. | AC138: with spore balls --> "Hosts that produce plasmodia and zoosporangia but no spore balls may contribute to a decrease of S. subterranea inoculum in soils and therefore may serve as trap plants." | AD138: ++
A139: 1009 | B139: HAFL | C139: SVG | D139: F-Avena sativa | E139: =IF(D139>0,VLOOKUP(D139,lists!$C$6:$D$101,2,FALSE),"") -> Oat | H139: n.i | I139: USA | J139: North Eastern States | K139: unknown | M139: Spongospora subterranea f. sp. subterranea | N139: =IF(M139>0,VLOOKUP(M139,lists!$Q$6:$R$161,2,FALSE),"") -> 0 | O139: n.i | P139: host | Q139: n.i | R139: n.i | S139: n.i | T139: greenhouse | U139: Amer J of Potato Res 83:343-347 | V139: Peer reviewed | W139: English | X139: Short Communication: The Host Range of Spongospora subterranea f. sp. subterranea in the United States | Y139: Xinshun Qu and Barbara J. Christ | Z139: 2006 | AA139: This study was performed to determine the host range ofSpongospora subterranea f. sp.subterranea on common crops and weeds in the northeastern United States. Seedlings of the plants were grown in nutrient solutions and inoculated with spore balls ofS. subterranea. The roots were microscopically examined for the presence of plasmodia or zoosporangia 14 days after inoculation. The plants were then transferred to a greenhouse and grown in a soilless mix. The roots were examined for the presence of symptoms and spore balls after 4 months. Of 26 species within 10 families from monocotyledons and dicotyledons tested, 16 species were found to be susceptible toS. subterranea. Twelve species were newly recorded hosts forS. subterranea. Gall symptoms were observed on the roots of six species and spore balls were found on three species. Evidence is presented for the first time that galls and spore balls ofS. subterranea might form on non-Solanaceous species. This investigation is important for the cultural management of potato powdery scab disease because there currently are no effective controls. | AB139: determine the host range of S. subterranea in the northeastern US, hosts that allow S. subterranea infection but not complete life cycle, hosts that allow S. subterranea to complete life cycle, plasmodia, zoosporangia and spore balls detection | AC139: with spore balls --> "Hosts that produce plasmodia and zoosporangia but no spore balls may contribute to a decrease of S. subterranea inoculum in soils and therefore may serve as trap plants." | AD139: ++
A140: 1009 | B140: HAFL | C140: SVG | D140: V-Lycopersicon esculentum | E140: =IF(D140>0,VLOOKUP(D140,lists!$C$6:$D$101,2,FALSE),"") -> Tomato | H140: n.i | I140: USA | J140: North Eastern States | K140: unknown | M140: Spongospora subterranea f. sp. subterranea | N140: =IF(M140>0,VLOOKUP(M140,lists!$Q$6:$R$161,2,FALSE),"") -> 0 | O140: n.i | P140: host | Q140: n.i | R140: n.i | S140: n.i | T140: greenhouse | U140: Amer J of Potato Res 83:343-347 | V140: Peer reviewed | W140: English | X140: Short Communication: The Host Range of Spongospora subterranea f. sp. subterranea in the United States | Y140: Xinshun Qu and Barbara J. Christ | Z140: 2006 | AA140: This study was performed to determine the host range ofSpongospora subterranea f. sp.subterranea on common crops and weeds in the northeastern United States. Seedlings of the plants were grown in nutrient solutions and inoculated with spore balls ofS. subterranea. The roots were microscopically examined for the presence of plasmodia or zoosporangia 14 days after inoculation. The plants were then transferred to a greenhouse and grown in a soilless mix. The roots were examined for the presence of symptoms and spore balls after 4 months. Of 26 species within 10 families from monocotyledons and dicotyledons tested, 16 species were found to be susceptible toS. subterranea. Twelve species were newly recorded hosts forS. subterranea. Gall symptoms were observed on the roots of six species and spore balls were found on three species. Evidence is presented for the first time that galls and spore balls ofS. subterranea might form on non-Solanaceous species. This investigation is important for the cultural management of potato powdery scab disease because there currently are no effective controls. | AB140: determine the host range of S. subterranea in the northeastern US, hosts that allow S. subterranea infection but not complete life cycle, hosts that allow S. subterranea to complete life cycle, plasmodia, zoosporangia and spore balls detection | AC140: with spore balls --> "Hosts that produce plasmodia and zoosporangia but no spore balls may contribute to a decrease of S. subterranea inoculum in soils and therefore may serve as trap plants." | AD140: ++
A141: 1009 | B141: HAFL | C141: SVG | D141: G-Fagopyrum esculentum | E141: =IF(D141>0,VLOOKUP(D141,lists!$C$6:$D$101,2,FALSE),"") -> Buckwheat | F141: Moench | H141: n.i | I141: USA | J141: North Eastern States | K141: unknown | M141: Spongospora subterranea f. sp. subterranea | N141: =IF(M141>0,VLOOKUP(M141,lists!$Q$6:$R$161,2,FALSE),"") -> 0 | O141: n.i | P141: host | Q141: n.i | R141: n.i | S141: n.i | T141: greenhouse | U141: Amer J of Potato Res 83:343-347 | V141: Peer reviewed | W141: English | X141: Short Communication: The Host Range of Spongospora subterranea f. sp. subterranea in the United States | Y141: Xinshun Qu and Barbara J. Christ | Z141: 2006 | AA141: This study was performed to determine the host range ofSpongospora subterranea f. sp.subterranea on common crops and weeds in the northeastern United States. Seedlings of the plants were grown in nutrient solutions and inoculated with spore balls ofS. subterranea. The roots were microscopically examined for the presence of plasmodia or zoosporangia 14 days after inoculation. The plants were then transferred to a greenhouse and grown in a soilless mix. The roots were examined for the presence of symptoms and spore balls after 4 months. Of 26 species within 10 families from monocotyledons and dicotyledons tested, 16 species were found to be susceptible toS. subterranea. Twelve species were newly recorded hosts forS. subterranea. Gall symptoms were observed on the roots of six species and spore balls were found on three species. Evidence is presented for the first time that galls and spore balls ofS. subterranea might form on non-Solanaceous species. This investigation is important for the cultural management of potato powdery scab disease because there currently are no effective controls. | AB141: determine the host range of S. subterranea in the northeastern US, hosts that allow S. subterranea infection but not complete life cycle, hosts that allow S. subterranea to complete life cycle, plasmodia, zoosporangia and spore balls detection | AC141: production of zoosporangia, but no spore balls, --> "Hosts that produce plasmodia and zoosporangia but no spore balls may contribute to a decrease of S. subterranea inoculum in soils and therefore may serve as trap plants." | AD141: ++
A142: 1009 | B142: HAFL | C142: SVG | D142: G-Raphanus sativus | E142: =IF(D142>0,VLOOKUP(D142,lists!$C$6:$D$101,2,FALSE),"") -> Radish | H142: n.i | I142: USA | J142: North Eastern States | K142: unknown | M142: Spongospora subterranea f. sp. subterranea | N142: =IF(M142>0,VLOOKUP(M142,lists!$Q$6:$R$161,2,FALSE),"") -> 0 | O142: n.i | P142: host | Q142: n.i | R142: n.i | S142: n.i | T142: greenhouse | U142: Amer J of Potato Res 83:343-347 | V142: Peer reviewed | W142: English | X142: Short Communication: The Host Range of Spongospora subterranea f. sp. subterranea in the United States | Y142: Xinshun Qu and Barbara J. Christ | Z142: 2006 | AA142: This study was performed to determine the host range ofSpongospora subterranea f. sp.subterranea on common crops and weeds in the northeastern United States. Seedlings of the plants were grown in nutrient solutions and inoculated with spore balls ofS. subterranea. The roots were microscopically examined for the presence of plasmodia or zoosporangia 14 days after inoculation. The plants were then transferred to a greenhouse and grown in a soilless mix. The roots were examined for the presence of symptoms and spore balls after 4 months. Of 26 species within 10 families from monocotyledons and dicotyledons tested, 16 species were found to be susceptible toS. subterranea. Twelve species were newly recorded hosts forS. subterranea. Gall symptoms were observed on the roots of six species and spore balls were found on three species. Evidence is presented for the first time that galls and spore balls ofS. subterranea might form on non-Solanaceous species. This investigation is important for the cultural management of potato powdery scab disease because there currently are no effective controls. | AB142: determine the host range of S. subterranea in the northeastern US, hosts that allow S. subterranea infection but not complete life cycle, hosts that allow S. subterranea to complete life cycle, plasmodia, zoosporangia and spore balls detection | AC142: production of zoosporangia, but no spore balls, --> "Hosts that produce plasmodia and zoosporangia but no spore balls may contribute to a decrease of S. subterranea inoculum in soils and therefore may serve as trap plants." | AD142: ++
A143: 1009 | B143: HAFL | C143: SVG | D143: G-Trifolium pratense | E143: =IF(D143>0,VLOOKUP(D143,lists!$C$6:$D$101,2,FALSE),"") -> Red clover | H143: n.i | I143: USA | J143: North Eastern States | K143: unknown | M143: Spongospora subterranea f. sp. subterranea | N143: =IF(M143>0,VLOOKUP(M143,lists!$Q$6:$R$161,2,FALSE),"") -> 0 | O143: n.i | P143: host | Q143: n.i | R143: n.i | S143: n.i | T143: greenhouse | U143: Amer J of Potato Res 83:343-347 | V143: Peer reviewed | W143: English | X143: Short Communication: The Host Range of Spongospora subterranea f. sp. subterranea in the United States | Y143: Xinshun Qu and Barbara J. Christ | Z143: 2006 | AA143: This study was performed to determine the host range ofSpongospora subterranea f. sp.subterranea on common crops and weeds in the northeastern United States. Seedlings of the plants were grown in nutrient solutions and inoculated with spore balls ofS. subterranea. The roots were microscopically examined for the presence of plasmodia or zoosporangia 14 days after inoculation. The plants were then transferred to a greenhouse and grown in a soilless mix. The roots were examined for the presence of symptoms and spore balls after 4 months. Of 26 species within 10 families from monocotyledons and dicotyledons tested, 16 species were found to be susceptible toS. subterranea. Twelve species were newly recorded hosts forS. subterranea. Gall symptoms were observed on the roots of six species and spore balls were found on three species. Evidence is presented for the first time that galls and spore balls ofS. subterranea might form on non-Solanaceous species. This investigation is important for the cultural management of potato powdery scab disease because there currently are no effective controls. | AB143: determine the host range of S. subterranea in the northeastern US, hosts that allow S. subterranea infection but not complete life cycle, hosts that allow S. subterranea to complete life cycle, plasmodia, zoosporangia and spore balls detection | AC143: production of zoosporangia, but no spore balls, --> "Hosts that produce plasmodia and zoosporangia but no spore balls may contribute to a decrease of S. subterranea inoculum in soils and therefore may serve as trap plants." | AD143: ++
A144: 1009 | B144: HAFL | C144: SVG | D144: F-Secale cereale | E144: =IF(D144>0,VLOOKUP(D144,lists!$C$6:$D$101,2,FALSE),"") -> Rye | H144: n.i | I144: USA | J144: North Eastern States | K144: unknown | M144: Spongospora subterranea f. sp. subterranea | N144: =IF(M144>0,VLOOKUP(M144,lists!$Q$6:$R$161,2,FALSE),"") -> 0 | O144: n.i | P144: host | Q144: n.i | R144: n.i | S144: n.i | T144: greenhouse | U144: Amer J of Potato Res 83:343-347 | V144: Peer reviewed | W144: English | X144: Short Communication: The Host Range of Spongospora subterranea f. sp. subterranea in the United States | Y144: Xinshun Qu and Barbara J. Christ | Z144: 2006 | AA144: This study was performed to determine the host range ofSpongospora subterranea f. sp.subterranea on common crops and weeds in the northeastern United States. Seedlings of the plants were grown in nutrient solutions and inoculated with spore balls ofS. subterranea. The roots were microscopically examined for the presence of plasmodia or zoosporangia 14 days after inoculation. The plants were then transferred to a greenhouse and grown in a soilless mix. The roots were examined for the presence of symptoms and spore balls after 4 months. Of 26 species within 10 families from monocotyledons and dicotyledons tested, 16 species were found to be susceptible toS. subterranea. Twelve species were newly recorded hosts forS. subterranea. Gall symptoms were observed on the roots of six species and spore balls were found on three species. Evidence is presented for the first time that galls and spore balls ofS. subterranea might form on non-Solanaceous species. This investigation is important for the cultural management of potato powdery scab disease because there currently are no effective controls. | AB144: determine the host range of S. subterranea in the northeastern US, hosts that allow S. subterranea infection but not complete life cycle, hosts that allow S. subterranea to complete life cycle, plasmodia, zoosporangia and spore balls detection | AC144: production of zoosporangia, but no spore balls, --> "Hosts that produce plasmodia and zoosporangia but no spore balls may contribute to a decrease of S. subterranea inoculum in soils and therefore may serve as trap plants." | AD144: ++
A145: 1010 | B145: HAFL | C145: SVG (copied from LM) | D145: G-Sorghum spp. | E145: =IF(D145>0,VLOOKUP(D145,lists!$C$6:$D$101,2,FALSE),"") -> Sorghum, Sudangrass | F145: Ppier, Trudan, Sordan, | G145: CC | H145: n.i | I145: USA | J145: Wisconsin | K145: loamy sand | L145: Pratylenchus penetrans | N145: =IF(M145>0,VLOOKUP(M145,lists!$Q$6:$R$161,2,FALSE),"") | O145: soil and roots, zonal flotation and Baermann | P145: poor host | Q145: n.i | R145: n.i | S145: n.i | T145: field | U145: Journal of Nematology 27(4S):609-616. | V145: Peer reviewed | W145: English | X145: Response of nematode communities to sudangrass and sorghum-dudangrass hybrids grown as green manure crops | Y145: A. E. MACGUIDWIN AND T. L. LAYNE | Z145: 1995 | AA145: Two cultivars of sudangrass (Piper and Trudan 8) and three of sorghum-sudangrass (Sordan 79, P855F, and P877F) were grown as green manure crops in 1993 and 1994 and compared with sweet corn for their impact on nematode population dynamics. Nematodes were identified to trophic group, order, and to lower taxa when possible. Population densities were determined after 7 weeks of crop growth and 3 weeks after incorporation of green crop residue. Plant-parasitic nematode genera included Pratylenchus, Longidorus, Xiphinema, and Paratrichodorus. The plant-feeder trophic group increased or was maintained on all crops after 7 weeks, at which time population densities were lowest on corn in 1993 and equivalent among crops in 1994. The total number of nematodes in the plant-feeder trophic group did not differ before and after incorporation in 1993 and increased for Piper sudangrass, Sordan 79 and P855F sorghum-sudangrass, and sweet corn in 1994. After incorporation, numbers of bacterial-feeding nematodes increased for all crops in 1994 and for Piper sudangrass in 1993. There were no consistent crop treatment effects on the fungal-feeding, omnivore, and predator trophic groups after incorporation. | AC145: poor methods but surely no decline. Paratrichodorus seems to increase. Difficult to inpterprete. Neglect such info?
A146: 1011 | B146: HAFL | C146: SVG | D146: G-Sorghum spp. | E146: =IF(D146>0,VLOOKUP(D146,lists!$C$6:$D$101,2,FALSE),"") -> Sorghum, Sudangrass | F146: Trudan 8 | G146: CC | H146: n.i | I146: USA | J146: New York | K146: unknown | L146: Meloidogyne hapla | N146: =IF(M146>0,VLOOKUP(M146,lists!$Q$6:$R$161,2,FALSE),"") | O146: root washing sodium hypochlorite (eggs) | P146: non host | Q146: n.i | R146: effective | S146: increase of yield | T146: greenhouse | U146: Plant Dis. 82:945-952 | V146: Peer reviewed | W146: English | X146: Management of Meloidogyne hapla on Lettuce in Organic Soil with Sudangrass as a Cover Crop | Y146: Nicole M. Viaene, George S. Abawi | Z146: 1998 | AA146: Host suitability for Meloidogyne hapla of six cover crops was tested in the greenhouse. Sudan-grass cv. Trudan 8 and rye (mixture of cultivars) were nonhosts; oat cv. Porter was a poor host; and phacelia cv. Angelia, oilseed radish cv. Renova, and yellow mustard cv. Martigena were maintenance hosts. When incorporated as a green manure before planting of lettuce cv. Mon-tello, sudangrass was the most effective of the cover crops in reducing egg production of M. hapla. Soil amendment with all parts of sudangrass resulted in lower reproduction of M. hapla on lettuce than soil amendment with only roots of sudangrass. Soil incorporation of 2-month-old (or younger) tissues of sudangrass was more effective in reducing nematode reproduction on subsequent lettuce plants than incorporation of 3-month-old tissues. Sudangrass was grown as a cover crop after lettuce for three growing seasons in field microplots and incorporated as a green manure before the first fall frost. Weight of lettuce heads was significantly higher and reproduction of M. hapla was significantly lower in sudangrass-amended microplots compared with those left fallow between lettuce crops, but results varied with year and nematode infestation level | AB146: host testing of M. hapla, effect of green manure on M. hapla reproduction and fellow lettuce production, effect of different plants parts and age of Sudangrass as green manure | AC146: comprehensive, several different experiments and research questions | AD146: +++
A147: 1011 | B147: HAFL | C147: SVG | D147: F-Secale cereale | E147: =IF(D147>0,VLOOKUP(D147,lists!$C$6:$D$101,2,FALSE),"") -> Rye | G147: CC | H147: n.i | I147: USA | J147: New York | K147: unknown | L147: Meloidogyne hapla | N147: =IF(M147>0,VLOOKUP(M147,lists!$Q$6:$R$161,2,FALSE),"") | O147: root washing sodium hypochlorite (eggs) | P147: non host | Q147: n.i | R147: not effective | S147: n.i | T147: greenhouse | U147: Plant Dis. 82:945-953 | V147: Peer reviewed | W147: English | X147: Management of Meloidogyne hapla on Lettuce in Organic Soil with Sudangrass as a Cover Crop | Y147: Nicole M. Viaene, George S. Abawi | Z147: 1998 | AA147: Host suitability for Meloidogyne hapla of six cover crops was tested in the greenhouse. Sudan-grass cv. Trudan 8 and rye (mixture of cultivars) were nonhosts; oat cv. Porter was a poor host; and phacelia cv. Angelia, oilseed radish cv. Renova, and yellow mustard cv. Martigena were maintenance hosts. When incorporated as a green manure before planting of lettuce cv. Mon-tello, sudangrass was the most effective of the cover crops in reducing egg production of M. hapla. Soil amendment with all parts of sudangrass resulted in lower reproduction of M. hapla on lettuce than soil amendment with only roots of sudangrass. Soil incorporation of 2-month-old (or younger) tissues of sudangrass was more effective in reducing nematode reproduction on subsequent lettuce plants than incorporation of 3-month-old tissues. Sudangrass was grown as a cover crop after lettuce for three growing seasons in field microplots and incorporated as a green manure before the first fall frost. Weight of lettuce heads was significantly higher and reproduction of M. hapla was significantly lower in sudangrass-amended microplots compared with those left fallow between lettuce crops, but results varied with year and nematode infestation level | AB147: host testing of M. hapla, effect of green manure on M. hapla reproduction and fellow lettuce production, effect of different plants parts and age of Sudangrass as green manure | AC147: comprehensive, several different experiments and research questions | AD147: +++
A148: 1011 | B148: HAFL | C148: SVG | D148: F-Avena sativa | E148: =IF(D148>0,VLOOKUP(D148,lists!$C$6:$D$101,2,FALSE),"") -> Oat | F148: Porter | G148: CC | H148: n.i | I148: USA | J148: New York | K148: unknown | L148: Meloidogyne hapla | N148: =IF(M148>0,VLOOKUP(M148,lists!$Q$6:$R$161,2,FALSE),"") | O148: root washing sodium hypochlorite (eggs) | P148: poor host | Q148: n.i | R148: not effective | S148: n.i | T148: greenhouse | U148: Plant Dis. 82:945-954 | V148: Peer reviewed | W148: English | X148: Management of Meloidogyne hapla on Lettuce in Organic Soil with Sudangrass as a Cover Crop | Y148: Nicole M. Viaene, George S. Abawi | Z148: 1998 | AA148: Host suitability for Meloidogyne hapla of six cover crops was tested in the greenhouse. Sudan-grass cv. Trudan 8 and rye (mixture of cultivars) were nonhosts; oat cv. Porter was a poor host; and phacelia cv. Angelia, oilseed radish cv. Renova, and yellow mustard cv. Martigena were maintenance hosts. When incorporated as a green manure before planting of lettuce cv. Mon-tello, sudangrass was the most effective of the cover crops in reducing egg production of M. hapla. Soil amendment with all parts of sudangrass resulted in lower reproduction of M. hapla on lettuce than soil amendment with only roots of sudangrass. Soil incorporation of 2-month-old (or younger) tissues of sudangrass was more effective in reducing nematode reproduction on subsequent lettuce plants than incorporation of 3-month-old tissues. Sudangrass was grown as a cover crop after lettuce for three growing seasons in field microplots and incorporated as a green manure before the first fall frost. Weight of lettuce heads was significantly higher and reproduction of M. hapla was significantly lower in sudangrass-amended microplots compared with those left fallow between lettuce crops, but results varied with year and nematode infestation level | AB148: host testing of M. hapla, effect of green manure on M. hapla reproduction and fellow lettuce production, effect of different plants parts and age of Sudangrass as green manure | AC148: comprehensive, several different experiments and research questions | AD148: +++
...

Sheet lists
A1: Drop down lists for data collection
Q2: NEW Lists
A4: Column in the Data collection sheet --> | B4: column B | C4: Column C | D4: Column D | E4: Column G | F4: Column J | G4: Column K | H4: Column L | I4: Column O and R | J4: Column P | K4: Column S | L4: column X
B5: Info provided by | C5: Crop Latin | D5: Crop English | E5: Soil Type | F5: Nematode species | G5: Fungus species | H5: Fungus species other names | I5: Quality of information | J5: Host status decision | K5: Tolerance decision | L5: Type of source | M5: Main Crop Cover Crop | N5: Trial Type | O5: Reduction of disease | P5: Effect of green manure on fellow crop yield | Q5: New pathogen list | R5: Fungus species other names
B6: BH | C6: V-Allium ampeloprasum | D6: Leek | E6: sand | F6: Globodera rostochiensis / G. pallida | G6: Acremonium spp. | I6: +++ | J6: hostplant suitability unknown | K6: damage unknown | L6: Peer reviewed | M6: CC | N6: greenhouse | O6: very effective | P6: increase of yield | Q6: Acremonium spp.
B7: LM | C7: V-Allium sativum | D7: Garlic | E7: loamy sand | F7: Heterodera avenae | G7: Albugo candida | I7: ++ | J7: active decline of population | K7: no damage | L7: Grey literature | M7: MC | N7: pot | O7: effective | P7: no effect | Q7: Albugo candida
B8: MG | C8: V-Allium spp. | D8: Onion | E8: sandy loam | F8: Heterodera betae | G8: Aphanomyces euteiches | I8: + | J8: non host | K8: little damage (0-15%) even with high numbers of nematodes/fungi | L8: Farmers magazine | M8: n.i | N8: field | O8: not effective | P8: decrease of disease | Q8: Aphanomyces euteiches
B9: VM | C9: V-Anethum graveolens | D9: Dill | E9: loam | F9: Heterodera carotae | G9: Aphanomyces raphani | J9: poor host | K9: medium damage (16-35%) with high numbers of nematodes/fungi | L9: Institute report | N9: on farm | O9: n.i | P9: n.i | Q9: Aphanomyces raphani
C10: V-Apium graveolens | D10: Celery | E10: silt loam | F10: Heterodera cruciferae | G10: Armillaria mellea | J10: moderate host | K10: serious damage (36-100%) even with low numbers of nematodes/fungi | L10: Conference paper | N10: n.i | Q10: Armillaria mellea
C11: V-Asparagus offininalis | D11: Asparagus | E11: silt | F11: Heterodera glycines | G11: Ascochyta pisi | J11: good host | K11: n.i | Q11: Armillaria ischaemi
C12: V-Brassica oleracea | D12: Cabbage (incl. Broccoli and cauliflower | E12: sandy clay loam | F12: Heterodera goettingiana | G12: Bipolaris spp. | J12: host | L12: EU network paper | N12: greenhouse and field | Q12: Ascochyta fabae | R12: Didymella fabae
C13: V-Capsicum annum | D13: Sweet pepper | E13: clay loam | F13: Heterodea zeae | G13: Cochliobolus bicolor | L13: Common knowledge | N13: laboratory | Q13: Ascochyta pisi
C14: V-Cichorium intybus | D14: Chicory | E14: silty clay loam | F14: Heterodera schachtii | G14: Cochliobolus sativus | L14: Book | N14: laboratory, greenhouse and field | Q14: Ascochyta sojaecola
C15: V-Citrullus lanatus | D15: Watermelone | E15: sandy clay | F15: Heterodera trifolii f. sp. trifolium | G15: Colletotrichum spp. | H15: Colletotrichum atramentarium | Q15: Ascochyta spp.
C16: V-Coriandrum sativum | D16: Corriander | E16: silty clay | F16: Meloidogyne arenaria | G16: Colletotrichum coccodes | Q16: Bipolaris spp. | R16: teleomorph Cochliobolus spp.
C17: V-Cucumis melo | D17: Melon | E17: clay | F17: Meloidogyne chitwoodi | G17: Colletotrichum dematium | Q17: Cochliobolus sativus | R17: Bipolaris sorokiniana
C18: V-Cucumis sativus | D18: Cucumber | E18: unknown | F18: Meloidogyne fallax | G18: Colletotrichum lagenarium | Q18: Cochliobolus bicolor
C19: V-Cucurbita spp. | D19: Pumpkin | F19: Meloidogyne hapla | G19: Corynespora cassiicola | Q19: Cochliobolus spp | R19: anamorph Bipolaris spp.
C20: V-Daucus carota | D20: Carrot | F20: Meloidogyne incognita | G20: Curvularia spp. | Q20: Colletotrichum spp.
C21: V-Fragaria x ananassa | D21: Strawberry | F21: Meloidogyne javanica | G21: Cylindrocarpon destructans | Q21: Colletotrichum coccodes | R21: Colletotrichum atramentarium
C22: V-Lactuca sativa | D22: Lettuce (all types) | F22: Meloidogyne minor | G22: Cylindrocladium spp. | Q22: Colletotrichum destructivum
C23: V-Lycopersicon esculentum | D23: Tomato | F23: Meloidogyne naasi | G23: Diplocarpon rosae | Q23: Colletotrichum dematium
C24: V-Ocimum basilicum | D24: Basil | F24: Pratylenchus crenatus | G24: Didymella bryoniae | H24: Boeremia lycopersi | Q24: Colletotrichum graminicola
C25: V-Pastinaca sativa | D25: Parsnip | F25: Pratylenchus fallax | G25: Didymella lycopersici | Q25: Colletotrichum trifolii
C26: V-Petroselinum crispum | D26: Parsley | F26: Pratylenchus neglectus | G26: Drechslera spp. | Q26: Colletotrichum lagenarium
C27: V-Phaseolus spp. | D27: Beans | F27: Pratylenchus penetrans | G27: Erwinia carotovora | Q27: Corynespora cassiicola
C28: V-Pisum spp. | D28: Peas | F28: Pratylenchus thornei | G28: Fusarium avenaceum | Q28: Curvularia spp.
C29: V-Rheum rhabarbarum | D29: Rhubarb | F29: Pratylenchus vulnus | G29: Fusarium culmorum | Q29: Cylindrocarpon destructans
C30: V-Scorzonera hispanica | D30: Black salsify | F30: Praylenchus convallaria | G30: Fusarium oxysporum | Q30: Cylindrocladium spp.
C31: V-Solanum melongena | D31: Eggplant | F31: Praylenchus brachyurus | G31: Fusarium oxysporum f. sp. apii | Q31: Diplocarpon rosae
C32: V-Spinacia oleracea | D32: Spinach | F32: Praylenchus zeae | G32: Fusarium oxysporum f. sp. capsici | Q32: Didymella bryoniae
C33: V-Valerianella sp. | D33: Corn salad | F33: Praylenchus hexincius | G33: Fusarium oxysporum f. sp. cepae | Q33: Didymella lycopersici | R33: Boeremia lycopersi
C34: V-?? Other leavy salads | D34: Other leavy salads | F34: Praylenchus scribneri | G34: Fusarium oxysporum f. sp. conglutinans | Q34: Drechslera spp. | R34: teleomorph Pyrenophora spp.
C35: F-Avena sativa | D35: Oat | F35: Ditylenchus destructor | G35: Fusarium oxysporum f. sp. cucumerinum | Q35: Erwinia carotovora | R35: Pectobacterium carotovorum
C36: F-Beta vulgaris | D36: Beets (sugar, fodder) | F36: Ditylenchus dipsaci | G36: Fusarium oxysporum f. sp. cumini | Q36: Fusarium avenaceum
C37: F-Brassica napus | D37: Rapeseed | F37: Aphelenchoides fragariae | G37: Fusarium oxysporum f. sp. fragariae | Q37: Fusarium culmorum
C38: F-Cannabis sativa | D38: Hemp | F38: Aphelenchoides ritzemabosi | G38: Fusarium oxysporum f. sp. lactucum | Q38: Fusarium graminearum | R38: telemorph Gibberella zeae
C39: F-Glycine max | D39: Soybean | F39: Aphelenchoides spp | G39: Fusarium oxysporum f. sp. lycopersici | Q39: Fusarium oxysporum
C40: F-Helianthus spp. | D40: Sunflower | F40: Aphelenchoides subtenuis | G40: Fusarium oxysporum f. sp. melonis | Q40: Fusarium oxysporum f. sp. apii
C41: F-Hordeum vulgare | D41: Barley | F41: Helicotylenchus spp. | G41: Fusarium oxysporum f. sp. niveum | Q41: Fusarium oxysporum f. sp. Betae
C42: F-Linum usitatissiumum | D42: Linseed | F42: Hemicycliophora spp. | G42: Fusarium oxysporum f. sp. Pisi | Q42: F. oxysporum f. sp. cannabis
C43: F-Lupinus spp. | D43: Lupins | F43: Longidorus elongatus | G43: Fusarium oxysporum f. sp. radicis-cucumerinum | Q43: Fusarium oxysporum f. sp. capsici
C44: F-Medigaco sativa | D44: Luzerne (= alfalfa) | F44: Paratrichodorus pachydermus | G44: Fusarium oxysporum f. sp. radicis-lycopersici | Q44: Fusarium oxysporum f. sp. cepae
C45: F-Nicotiana tabacum | D45: Tobacco | F45: Paratrichodorus teres | G45: Fusarium solani | Q45: Fusarium oxysporum f. sp. conglutinans
C46: F-Oryza sativa | D46: Rice | F46: Paratylenchus bukowinensis | G46: Fusarium solani f. sp. cucurbitae | Q46: Fusarium oxysporum f. sp. cucumerinum
C47: F-Secale cereale | D47: Rye | F47: Rotylenchus reniformis | G47: Fusarium solani f. sp. phaseoli | Q47: Fusarium oxysporum f. sp. cumini
C48: F-Solanum tuberosum | D48: Potato | F48: Rotylenchus uniformis | G48: Fusarium solani f. sp. pisi | Q48: Fusarium oxysporum f. sp. fragariae
C49: F-Trifolium spp. | D49: Clover | F49: Trichodorus primitivus | G49: Gaeumannomyces graminis | Q49: Fusarium oxysporum f. sp. lactucum
C50: F-Triticum aestivum | D50: Wheat | F50: Trichodorus similis | G50: Idriella lunata | Q50: Fusarium oxysporum f. sp. lycopersici
C51: F-× Triticosecale | D51: Triticale | F51: Trichodorus spp. | G51: Laetisaria fuciformis | Q51: Fusarium oxysporum var. medicaginis
C52: F-Vicia faba | D52: Faba bean | F52: Tylenchorhynchus dubius | G52: Macrophomina phaseolina | H52: Fusarium nivale | Q52: Fusarium oxysporum f. sp. melonis
C53: F-Zea mais | D53: Maize (corn) | F53: Xiphinema diversicaudatum | G53: Microdochium nivale | Q53: Fusarium oxysporum f. sp. niveum
C54: G-Avena strigosa | D54: Japanese/Black oat | F54: Xiphinema index | G54: Monosporascus cannonballus | H54: Ascochyta pinodes | Q54: Fusarium oxysporum f. sp. Pisi
C55: G-Brassica rapa | D55: Turnip | F55: Tobacco Rattle Virus TRV | G55: Mycosphaerella pinodes | Q55: Fusarium oxysporum f. sp. radicis-cucumerinum
C56: G-Brassica spp. | D56: Fodder rape / Leafy turnip | F56: Pratylenchus zeae | G56: Olpidium brassicae | Q56: Fusarium oxysporum f. sp. radicis-lycopersici
C57: G-Brassica spp. | D57: Mustards | F57: Paratrichodorus christiei | G57: Phoma destructiva | Q57: F. oxysporum f.sp. Tuberosi
C58: G-Camelina sativa | D58: Camelina or false flax or linseed dodder | F58: Tylenchorhynchus sp. | G58: Phoma exigua | Q58: Fusarium solani
C59: G-Fagopyrum esculentum | D59: Buckwheat | G59: Phoma lingam | H59: Pyrenochaeta terrestris | Q59: Fusarium solani var. coeruleum
C60: G-Guizotia abyssinica | D60: Ramtil | G60: Phoma macdonaldi | Q60: Fusarium solani f. sp. cucurbitae
C61: G-Lathyrus sativus | D61: Chickling pea or chickling vetch | G61: Phoma medicaginis var. pinodella | Q61: Fusarium solani f. sp. phaseoli
C62: G-Lolium multiflorum | D62: Italian ryegrass | G62: Phoma terrestris | Q62: Fusarium solani f. sp. pisi
C63: G-Lolium perenne | D63: Perennial ryegrass | G63: Phoma valerianellae | Q63: Fusarium virguliforme
C64: G-Phacelia sp. | D64: Phacelia | G64: Phomopsis obscurans | Q64: Fusarium spp.
C65: G-Raphanus sativus | D65: Radish | G65: Phomopsis sclerotioides | Q65: Gaeumannomyces graminis
C66: G-Sinapis alba | D66: White mustard | G66: Phytophthora spp. | Q66: Idriella lunata
C67: G-Sorghum spp. | D67: Sorghum, Sudangrass | G67: Phytophthora cactorum | Q67: Laetisaria fuciformis
C68: G-Tagetes sp. | D68: Marigold | G68: Phytophthora capsici | Q68: Macrophomina phaseolina
C69: G-Trifolium alexandrinum | D69: Berseem clover | G69: Phytophthora cinnamomi | Q69: Microdochium nivale | R69: Fusarium nivale
C70: G-Trifolium incarnatum | D70: Crimson clover | G70: Phytophthora citricola | Q70: Monosporascus cannonballus
C71: G-Trifolium pratense | D71: Red clover | G71: Phytophthora cryptogea | Q71: Mycosphaerella brassicola
C72: G-Trifolium repens | D72: White clover | G72: Phytophthora drechsleri | Q72: Mycosphaerella pinodes | R72: Ascochyta pinodes
C73: G-Trifolium resupinatum | D73: Persian/reversed clover | G73: Phytophthora fragariaevar. fragariae | Q73: Olpidium brassicae
C74: G-Vicia sp. | D74: Vetch | G74: Phytophthora megasperma | Q74: Phoma destructiva
G75: Phytophthora nicotianae | Q75: Phoma lingam
G76: Plasmodiophora brassicae | Q76: Phoma medicaginis var. medicaginis
G77: Plectosphaerella cucumerina | Q77: Phoma medicaginis var. pinodella
G78: Pseudocercosporella herpotrichoides | Q78: Phoma terrestris | R78: Pyrenochaeta terrestris
G79: Pyrenochaeta lycopersici | Q79: Phoma valerianellae
G80: Pythium spp. | Q80: Phoma spp.
G81: Pythium aphanidermatum | Q81: Phoma betae
G82: Pythium coloratum | Q82: Phoma macdonaldi
G83: Pythium graminicola | Q83: Phoma exigua
G84: Pythium irregulare | Q84: Phomopsis longicolla
G85: Pythium sulcatum | Q85: Phomopsis obscurans
G86: Pythium ultimum | Q86: Phoma sorghina
G87: Pythium violae | Q87: Phomopsis phaseoli
G88: Rhizoctonia cerealis | H88: Thanatephorus cucumeris | Q88: Phomopsis phaseoli var. caulivora | R88: Diaporthe phaseoli var. caulivora
G89: Rhizoctonia crocorum | Q89: Phomopsis sclerotioides
G90: Rhizoctonia fragariae | Q90: Phomopsis spp.
G91: Rhizoctonia solani | Q91: Phomopsis ganjae
G92: Rhynchosporium orthosporum | Q92: Phytophthora spp.
G93: Rhynchosporium secalis | Q93: Phytophthora cactorum
G94: Sclerotinia borealis | Q94: Phytophthora capsici
G95: Sclerotinia homoeocarpa | Q95: Phytophthora cinnamomi
G96: Sclerotinia minor | Q96: Phytophthora citricola
G97: Sclerotinia sclerotiorum | H97: Athelia rolfsii | Q97: Phytophthora cryptogea
G98: Sclerotinia trifoliorum | Q98: Phytophthora drechsleri
G99: Sclerotium cepivorum | Q99: Phytophthora fragariaevar. fragariae
G100: Sclerotium rolfsii | Q100: Phytophthora megasperma
G101: Spongospora subterranea f. sp. subterranea | H101: Chalara elegans | Q101: Phytophthora nicotianae
...
